Workbook
Name UniqueGroup: #REF!

Sheet Contents
B3: Contents | C3: Description
B5: Guidance on STDF templates
B6: Templates | C6: Contains all STDF templates. Identifies each Field label (column headings in each template), their associated field name (which is used for Validations and Reconciliations), their Enumeration and Definition names (which are used for the Enumerations and Definitions worksheets respectively). It also identifies the ranges, whether cells are mandatory or unique, all of which are consistent with the Validations worksheet.
B7: Enumerations | C7: Contains the Enumeration names from the STDF templates worksheet, the Enumerations and their descriptions.
B8: Definitions | C8: Contains the Definition names from the STDF templates worksheet and their descriptions.
B9: Validations | C9: Contains all validation rules across all STDF templates. These are split between Type, Enumeration, Range, Mandatory, Pattern and Unique rules.
B10: Patterns | C10: This contains all Patterns as shown within STDF templates.
B11: Reconciliations | C11: This contains most of the same information as the 026 Reconciliations template, mainly the Unique ID, Control type, Qualified name, Sign, Template, Worksheet, Dimension, Dimension value or description, Field name, High level reconciliation category, Reconciliation assessment category.
B13: Coverage and template maps
B14: STDF template map | C14: Table 4 from STDF manual - Mapping of all STDF templates that shows which templates are projections or actuals and which risk area they capture. For projections templates it shows which templates are mainly capturing data covering Capital resources or Capital requirements (RWAs).
B15: Capital mapping | C15: Table 5 from STDF manual - Mapping between Capital items and which other risk area templates collect these items (where relevant) in more detail across capital resources and capital requirements.
B16: Balance sheet mapping | C16: Tables 6A and 6B from STDF manual - Mapping of on balance sheet and off balance sheet categories to STDF templates.

Sheet Templates
A1: STDF templates
E2: This name is used in Validations and Reconciliations | F2: Used in templates | G2: Used in Definitions worksheet | I2: Used in Enumerations worksheet
A3: Template number | B3: Template Name | C3: Version | D3: Tab Name | E3: Field_Name | F3: Field_Label | G3: Definition_Name | H3: Link to Definition_name | I3: Enumeration_Name | J3: Link to Enumeration_Name | K3: Data type | L3: Range_Bottom | M3: Range_Top | N3: Range_Scope | O3: Mandatory | P3: Unique
A4: 22 | B4: AssetLiabilityManagement | C4: 202203 | D4: Comments | E4: Context | F4: Context | G4: Context | H4: =HYPERLINK( "#'Definitions'!A" & MATCH(G4, Definitions!A:A, 0), G4) -> Context | I4: ContextAssetLiabilityManagement | J4: =IF(I4="","", HYPERLINK( "#'Enumerations'!A" & MATCH(I4, Enumerations!A:A, 0), I4)) -> ContextAssetLiabilityManagement
A5: 22 | B5: AssetLiabilityManagement | C5: 202203 | D5: Comments | E5: Commenttype | F5: Comment type | G5: Commenttype | H5: =HYPERLINK( "#'Definitions'!A" & MATCH(G5, Definitions!A:A, 0), G5) -> Commenttype | I5: Commenttype | J5: =IF(I5="","", HYPERLINK( "#'Enumerations'!A" & MATCH(I5, Enumerations!A:A, 0), I5)) -> Commenttype
A6: 22 | B6: AssetLiabilityManagement | C6: 202203 | D6: Comments | E6: RuleID | F6: Rule ID | G6: RuleID | H6: =HYPERLINK( "#'Definitions'!A" & MATCH(G6, Definitions!A:A, 0), G6) -> RuleID | J6: =IF(I6="","", HYPERLINK( "#'Enumerations'!A" & MATCH(I6, Enumerations!A:A, 0), I6)) | K6: String (255 long)
A7: 22 | B7: AssetLiabilityManagement | C7: 202203 | D7: Comments | E7: Comment | F7: Comment | G7: Comment | H7: =HYPERLINK( "#'Definitions'!A" & MATCH(G7, Definitions!A:A, 0), G7) -> Comment | J7: =IF(I7="","", HYPERLINK( "#'Enumerations'!A" & MATCH(I7, Enumerations!A:A, 0), I7)) | K7: Comment (2000 long)
A8: 22 | B8: AssetLiabilityManagement | C8: 202203 | D8: Non_traded_market_risk | E8: Organisationalunitlevel1 | F8: Organisational unit level 1 | G8: Organisationalunitlevel1 | H8: =HYPERLINK( "#'Definitions'!A" & MATCH(G8, Definitions!A:A, 0), G8) -> Organisationalunitlevel1 | J8: =IF(I8="","", HYPERLINK( "#'Enumerations'!A" & MATCH(I8, Enumerations!A:A, 0), I8)) | K8: String (255 long) | O8: Yes | P8: Unique Group 1
A9: 22 | B9: AssetLiabilityManagement | C9: 202203 | D9: Non_traded_market_risk | E9: Organisationalunitlevel2 | F9: Organisational unit level 2 | G9: Organisationalunitlevel2 | H9: =HYPERLINK( "#'Definitions'!A" & MATCH(G9, Definitions!A:A, 0), G9) -> Organisationalunitlevel2 | J9: =IF(I9="","", HYPERLINK( "#'Enumerations'!A" & MATCH(I9, Enumerations!A:A, 0), I9)) | K9: String (255 long) | O9: Yes | P9: Unique Group 1
A10: 22 | B10: AssetLiabilityManagement | C10: 202203 | D10: Non_traded_market_risk | E10: Organisationalunitlevel3 | F10: Organisational unit level 3 | G10: Organisationalunitlevel3 | H10: =HYPERLINK( "#'Definitions'!A" & MATCH(G10, Definitions!A:A, 0), G10) -> Organisationalunitlevel3 | J10: =IF(I10="","", HYPERLINK( "#'Enumerations'!A" & MATCH(I10, Enumerations!A:A, 0), I10)) | K10: String (255 long) | P10: Unique Group 1
A11: 22 | B11: AssetLiabilityManagement | C11: 202203 | D11: Non_traded_market_risk | E11: Balancesheetcurrency | F11: Balance sheet currency | G11: Balancesheetcurrency | H11: =HYPERLINK( "#'Definitions'!A" & MATCH(G11, Definitions!A:A, 0), G11) -> Balancesheetcurrency | I11: Balancesheetcurrency | J11: =IF(I11="","", HYPERLINK( "#'Enumerations'!A" & MATCH(I11, Enumerations!A:A, 0), I11)) -> Balancesheetcurrency | O11: Yes | P11: Unique Group 1
A12: 22 | B12: AssetLiabilityManagement | C12: 202203 | D12: Non_traded_market_risk | E12: Balancesheetheader | F12: Balance sheet header | G12: BalancesheetheaderNTMR | H12: =HYPERLINK( "#'Definitions'!A" & MATCH(G12, Definitions!A:A, 0), G12) -> BalancesheetheaderNTMR | I12: BalancesheetheaderNTMR | J12: =IF(I12="","", HYPERLINK( "#'Enumerations'!A" & MATCH(I12, Enumerations!A:A, 0), I12)) -> BalancesheetheaderNTMR | O12: Yes | P12: Unique Group 1
A13: 22 | B13: AssetLiabilityManagement | C13: 202203 | D13: Non_traded_market_risk | E13: Referenceratetype | F13: Reference rate type | G13: ReferenceratetypeNTMR | H13: =HYPERLINK( "#'Definitions'!A" & MATCH(G13, Definitions!A:A, 0), G13) -> ReferenceratetypeNTMR | I13: ReferenceratetypeNTMR | J13: =IF(I13="","", HYPERLINK( "#'Enumerations'!A" & MATCH(I13, Enumerations!A:A, 0), I13)) -> ReferenceratetypeNTMR | P13: Unique Group 1
A14: 22 | B14: AssetLiabilityManagement | C14: 202203 | D14: Non_traded_market_risk | E14: ReferenceRate | F14: ALM reference rate | G14: ALMreferencerateNTMR | H14: =HYPERLINK( "#'Definitions'!A" & MATCH(G14, Definitions!A:A, 0), G14) -> ALMreferencerateNTMR | I14: ALMreferencerateNTMR | J14: =IF(I14="","", HYPERLINK( "#'Enumerations'!A" & MATCH(I14, Enumerations!A:A, 0), I14)) -> ALMreferencerateNTMR | P14: Unique Group 1
A15: 22 | B15: AssetLiabilityManagement | C15: 202203 | D15: Non_traded_market_risk | E15: Balancesheetitem | F15: Balance sheet item | G15: BalancesheetitemNTMR | H15: =HYPERLINK( "#'Definitions'!A" & MATCH(G15, Definitions!A:A, 0), G15) -> BalancesheetitemNTMR | I15: BalancesheetitemNTMR | J15: =IF(I15="","", HYPERLINK( "#'Enumerations'!A" & MATCH(I15, Enumerations!A:A, 0), I15)) -> BalancesheetitemNTMR | P15: Unique Group 1
A16: 22 | B16: AssetLiabilityManagement | C16: 202203 | D16: Non_traded_market_risk | E16: InterestRateSensitivity | F16: ALM interest rate sensitivity | G16: ALMinterestratesensitivity | H16: =HYPERLINK( "#'Definitions'!A" & MATCH(G16, Definitions!A:A, 0), G16) -> ALMinterestratesensitivity | I16: ALMinterestratesensitivity | J16: =IF(I16="","", HYPERLINK( "#'Enumerations'!A" & MATCH(I16, Enumerations!A:A, 0), I16)) -> ALMinterestratesensitivity | P16: Unique Group 1
A17: 22 | B17: AssetLiabilityManagement | C17: 202203 | D17: Non_traded_market_risk | E17: Repricingperiod | F17: Repricing period | G17: Repricingperiod | H17: =HYPERLINK( "#'Definitions'!A" & MATCH(G17, Definitions!A:A, 0), G17) -> Repricingperiod | I17: Repricingperiod | J17: =IF(I17="","", HYPERLINK( "#'Enumerations'!A" & MATCH(I17, Enumerations!A:A, 0), I17)) -> Repricingperiod | O17: Yes | P17: Unique Group 1
A18: 22 | B18: AssetLiabilityManagement | C18: 202203 | D18: Non_traded_market_risk | E18: Behaviouralisedbalance | F18: Behaviouralised balance | G18: Behaviouralisedbalance | H18: =HYPERLINK( "#'Definitions'!A" & MATCH(G18, Definitions!A:A, 0), G18) -> Behaviouralisedbalance | J18: =IF(I18="","", HYPERLINK( "#'Enumerations'!A" & MATCH(I18, Enumerations!A:A, 0), I18)) | K18: Float | L18: 0 | N18: Inclusive | O18: Yes
A19: 79 | B19: Basis_of_preparation_index | C19: 202701 | D19: Comments | E19: Context | F19: Context | G19: Context | H19: =HYPERLINK( "#'Definitions'!A" & MATCH(G19, Definitions!A:A, 0), G19) -> Context | I19: ContextBasisOfPreparationIndex | J19: =IF(I19="","", HYPERLINK( "#'Enumerations'!A" & MATCH(I19, Enumerations!A:A, 0), I19)) -> ContextBasisOfPreparationIndex
A20: 79 | B20: Basis_of_preparation_index | C20: 202701 | D20: Comments | E20: Commenttype | F20: Comment type | G20: Commenttype | H20: =HYPERLINK( "#'Definitions'!A" & MATCH(G20, Definitions!A:A, 0), G20) -> Commenttype | I20: Commenttype | J20: =IF(I20="","", HYPERLINK( "#'Enumerations'!A" & MATCH(I20, Enumerations!A:A, 0), I20)) -> Commenttype
A21: 79 | B21: Basis_of_preparation_index | C21: 202701 | D21: Comments | E21: RuleID | F21: Rule ID | G21: RuleID | H21: =HYPERLINK( "#'Definitions'!A" & MATCH(G21, Definitions!A:A, 0), G21) -> RuleID | J21: =IF(I21="","", HYPERLINK( "#'Enumerations'!A" & MATCH(I21, Enumerations!A:A, 0), I21)) | K21: String (255 long)
A22: 79 | B22: Basis_of_preparation_index | C22: 202701 | D22: Comments | E22: Comment | F22: Comment | G22: Comment | H22: =HYPERLINK( "#'Definitions'!A" & MATCH(G22, Definitions!A:A, 0), G22) -> Comment | J22: =IF(I22="","", HYPERLINK( "#'Enumerations'!A" & MATCH(I22, Enumerations!A:A, 0), I22)) | K22: Comment (2000 long)
A23: 79 | B23: Basis_of_preparation_index | C23: 202701 | D23: Actuals_index | E23: Datarequestname | F23: Data request name | G23: Datarequestname | H23: =HYPERLINK( "#'Definitions'!A" & MATCH(G23, Definitions!A:A, 0), G23) -> Datarequestname | J23: =IF(I23="","", HYPERLINK( "#'Enumerations'!A" & MATCH(I23, Enumerations!A:A, 0), I23)) | K23: String (255 long) | O23: Yes
A24: 79 | B24: Basis_of_preparation_index | C24: 202701 | D24: Actuals_index | E24: Contentcode | F24: Content code | G24: Contentcode | H24: =HYPERLINK( "#'Definitions'!A" & MATCH(G24, Definitions!A:A, 0), G24) -> Contentcode | J24: =IF(I24="","", HYPERLINK( "#'Enumerations'!A" & MATCH(I24, Enumerations!A:A, 0), I24)) | K24: String (255 long) | O24: Yes
A25: 79 | B25: Basis_of_preparation_index | C25: 202701 | D25: Actuals_index | E25: Basisofpreparationsection | F25: Basis of preparation section | G25: Basisofpreparationsection | H25: =HYPERLINK( "#'Definitions'!A" & MATCH(G25, Definitions!A:A, 0), G25) -> Basisofpreparationsection | J25: =IF(I25="","", HYPERLINK( "#'Enumerations'!A" & MATCH(I25, Enumerations!A:A, 0), I25)) | K25: String (255 long) | O25: Yes
A26: 79 | B26: Basis_of_preparation_index | C26: 202701 | D26: Actuals_index | E26: Basisofpreparationquestionnumber | F26: Basis of preparation question number | G26: Basisofpreparationquestionnumber | H26: =HYPERLINK( "#'Definitions'!A" & MATCH(G26, Definitions!A:A, 0), G26) -> Basisofpreparationquestionnumber | J26: =IF(I26="","", HYPERLINK( "#'Enumerations'!A" & MATCH(I26, Enumerations!A:A, 0), I26)) | K26: String (255 long) | O26: Yes | P26: Unique Group 1
A27: 79 | B27: Basis_of_preparation_index | C27: 202701 | D27: Actuals_index | E27: Basisofpreparationquestion | F27: Basis of preparation question | G27: Basisofpreparationquestion | H27: =HYPERLINK( "#'Definitions'!A" & MATCH(G27, Definitions!A:A, 0), G27) -> Basisofpreparationquestion | J27: =IF(I27="","", HYPERLINK( "#'Enumerations'!A" & MATCH(I27, Enumerations!A:A, 0), I27)) | K27: String (255 long) | O27: Yes
A28: 79 | B28: Basis_of_preparation_index | C28: 202701 | D28: Actuals_index | E28: Zipfoldername | F28: Zip folder name | G28: Zipfoldername | H28: =HYPERLINK( "#'Definitions'!A" & MATCH(G28, Definitions!A:A, 0), G28) -> Zipfoldername | J28: =IF(I28="","", HYPERLINK( "#'Enumerations'!A" & MATCH(I28, Enumerations!A:A, 0), I28)) | K28: String (255 long)
A29: 79 | B29: Basis_of_preparation_index | C29: 202701 | D29: Actuals_index | E29: Filename | F29: File name (exact match including extension .xlsx, .docs, .pdf, .txt, .html, etc.) | G29: Filename | H29: =HYPERLINK( "#'Definitions'!A" & MATCH(G29, Definitions!A:A, 0), G29) -> Filename | J29: =IF(I29="","", HYPERLINK( "#'Enumerations'!A" & MATCH(I29, Enumerations!A:A, 0), I29)) | K29: String (255 long) | P29: Unique Group 1
A30: 79 | B30: Basis_of_preparation_index | C30: 202701 | D30: Actuals_index | E30: Pagenumber | F30: Page number | G30: Pagenumber | H30: =HYPERLINK( "#'Definitions'!A" & MATCH(G30, Definitions!A:A, 0), G30) -> Pagenumber | J30: =IF(I30="","", HYPERLINK( "#'Enumerations'!A" & MATCH(I30, Enumerations!A:A, 0), I30)) | K30: Int | L30: 0 | N30: Inclusive | P30: Unique Group 1
A31: 79 | B31: Basis_of_preparation_index | C31: 202701 | D31: Actuals_index | E31: Firmcomment | F31: Firm comment | G31: Firmcomment | H31: =HYPERLINK( "#'Definitions'!A" & MATCH(G31, Definitions!A:A, 0), G31) -> Firmcomment | J31: =IF(I31="","", HYPERLINK( "#'Enumerations'!A" & MATCH(I31, Enumerations!A:A, 0), I31)) | K31: Comment (2000 long)
A32: 79 | B32: Basis_of_preparation_index | C32: 202701 | D32: Projections_index | E32: Datarequestname | F32: Data request name | G32: Datarequestname | H32: =HYPERLINK( "#'Definitions'!A" & MATCH(G32, Definitions!A:A, 0), G32) -> Datarequestname | J32: =IF(I32="","", HYPERLINK( "#'Enumerations'!A" & MATCH(I32, Enumerations!A:A, 0), I32)) | K32: String (255 long) | O32: Yes
A33: 79 | B33: Basis_of_preparation_index | C33: 202701 | D33: Projections_index | E33: Contentcode | F33: Content code | G33: Contentcode | H33: =HYPERLINK( "#'Definitions'!A" & MATCH(G33, Definitions!A:A, 0), G33) -> Contentcode | J33: =IF(I33="","", HYPERLINK( "#'Enumerations'!A" & MATCH(I33, Enumerations!A:A, 0), I33)) | K33: String (255 long) | O33: Yes
A34: 79 | B34: Basis_of_preparation_index | C34: 202701 | D34: Projections_index | E34: Basisofpreparationsection | F34: Basis of preparation section | G34: Basisofpreparationsection | H34: =HYPERLINK( "#'Definitions'!A" & MATCH(G34, Definitions!A:A, 0), G34) -> Basisofpreparationsection | J34: =IF(I34="","", HYPERLINK( "#'Enumerations'!A" & MATCH(I34, Enumerations!A:A, 0), I34)) | K34: String (255 long) | O34: Yes
A35: 79 | B35: Basis_of_preparation_index | C35: 202701 | D35: Projections_index | E35: Basisofpreparationquestionnumber | F35: Basis of preparation question number | G35: Basisofpreparationquestionnumber | H35: =HYPERLINK( "#'Definitions'!A" & MATCH(G35, Definitions!A:A, 0), G35) -> Basisofpreparationquestionnumber | J35: =IF(I35="","", HYPERLINK( "#'Enumerations'!A" & MATCH(I35, Enumerations!A:A, 0), I35)) | K35: String (255 long) | O35: Yes | P35: Unique Group 1
A36: 79 | B36: Basis_of_preparation_index | C36: 202701 | D36: Projections_index | E36: Basisofpreparationquestion | F36: Basis of preparation question | G36: Basisofpreparationquestion | H36: =HYPERLINK( "#'Definitions'!A" & MATCH(G36, Definitions!A:A, 0), G36) -> Basisofpreparationquestion | J36: =IF(I36="","", HYPERLINK( "#'Enumerations'!A" & MATCH(I36, Enumerations!A:A, 0), I36)) | K36: String (255 long) | O36: Yes
A37: 79 | B37: Basis_of_preparation_index | C37: 202701 | D37: Projections_index | E37: Zipfoldername | F37: Zip folder name | G37: Zipfoldername | H37: =HYPERLINK( "#'Definitions'!A" & MATCH(G37, Definitions!A:A, 0), G37) -> Zipfoldername | J37: =IF(I37="","", HYPERLINK( "#'Enumerations'!A" & MATCH(I37, Enumerations!A:A, 0), I37)) | K37: String (255 long)
A38: 79 | B38: Basis_of_preparation_index | C38: 202701 | D38: Projections_index | E38: Filename | F38: File name (exact match including extension .xlsx, .docs, .pdf, .txt, .html, etc.) | G38: Filename | H38: =HYPERLINK( "#'Definitions'!A" & MATCH(G38, Definitions!A:A, 0), G38) -> Filename | J38: =IF(I38="","", HYPERLINK( "#'Enumerations'!A" & MATCH(I38, Enumerations!A:A, 0), I38)) | K38: String (255 long) | P38: Unique Group 1
A39: 79 | B39: Basis_of_preparation_index | C39: 202701 | D39: Projections_index | E39: Pagenumber | F39: Page number | G39: Pagenumber | H39: =HYPERLINK( "#'Definitions'!A" & MATCH(G39, Definitions!A:A, 0), G39) -> Pagenumber | J39: =IF(I39="","", HYPERLINK( "#'Enumerations'!A" & MATCH(I39, Enumerations!A:A, 0), I39)) | K39: Int | L39: 0 | N39: Inclusive | P39: Unique Group 1
A40: 79 | B40: Basis_of_preparation_index | C40: 202701 | D40: Projections_index | E40: Firmcomment | F40: Firm comment | G40: Firmcomment | H40: =HYPERLINK( "#'Definitions'!A" & MATCH(G40, Definitions!A:A, 0), G40) -> Firmcomment | J40: =IF(I40="","", HYPERLINK( "#'Enumerations'!A" & MATCH(I40, Enumerations!A:A, 0), I40)) | K40: Comment (2000 long)
A41: 1 | B41: Capital_projections | C41: 202701 | D41: Comments | E41: Context | F41: Context | G41: Context | H41: =HYPERLINK( "#'Definitions'!A" & MATCH(G41, Definitions!A:A, 0), G41) -> Context | I41: ContextCapitalprojections | J41: =IF(I41="","", HYPERLINK( "#'Enumerations'!A" & MATCH(I41, Enumerations!A:A, 0), I41)) -> ContextCapitalprojections
A42: 1 | B42: Capital_projections | C42: 202701 | D42: Comments | E42: Commenttype | F42: Comment type | G42: Commenttype | H42: =HYPERLINK( "#'Definitions'!A" & MATCH(G42, Definitions!A:A, 0), G42) -> Commenttype | I42: Commenttype | J42: =IF(I42="","", HYPERLINK( "#'Enumerations'!A" & MATCH(I42, Enumerations!A:A, 0), I42)) -> Commenttype
A43: 1 | B43: Capital_projections | C43: 202701 | D43: Comments | E43: RuleID | F43: Rule ID | G43: RuleID | H43: =HYPERLINK( "#'Definitions'!A" & MATCH(G43, Definitions!A:A, 0), G43) -> RuleID | J43: =IF(I43="","", HYPERLINK( "#'Enumerations'!A" & MATCH(I43, Enumerations!A:A, 0), I43)) | K43: String (255 long)
A44: 1 | B44: Capital_projections | C44: 202701 | D44: Comments | E44: Comment | F44: Comment | G44: Comment | H44: =HYPERLINK( "#'Definitions'!A" & MATCH(G44, Definitions!A:A, 0), G44) -> Comment | J44: =IF(I44="","", HYPERLINK( "#'Enumerations'!A" & MATCH(I44, Enumerations!A:A, 0), I44)) | K44: Comment (2000 long)
A45: 1 | B45: Capital_projections | C45: 202701 | D45: Capital_evolution | E45: Capitalevolutionitemlevel1 | F45: Capital evolution item level 1 | G45: Capitalevolutionitemlevel1 | H45: =HYPERLINK( "#'Definitions'!A" & MATCH(G45, Definitions!A:A, 0), G45) -> Capitalevolutionitemlevel1 | I45: Capitalevolutionitemlevel1 | J45: =IF(I45="","", HYPERLINK( "#'Enumerations'!A" & MATCH(I45, Enumerations!A:A, 0), I45)) -> Capitalevolutionitemlevel1 | O45: Yes | P45: Unique Group 1
A46: 1 | B46: Capital_projections | C46: 202701 | D46: Capital_evolution | E46: Capitalevolutionitemlevel2 | F46: Capital evolution item level 2 | G46: Capitalevolutionitemlevel2 | H46: =HYPERLINK( "#'Definitions'!A" & MATCH(G46, Definitions!A:A, 0), G46) -> Capitalevolutionitemlevel2 | I46: Capitalevolutionitemlevel2 | J46: =IF(I46="","", HYPERLINK( "#'Enumerations'!A" & MATCH(I46, Enumerations!A:A, 0), I46)) -> Capitalevolutionitemlevel2 | O46: Yes | P46: Unique Group 1
A47: 1 | B47: Capital_projections | C47: 202701 | D47: Capital_evolution | E47: Capitalevolutionitemlevel3 | F47: Capital evolution item level 3 | G47: Capitalevolutionitemlevel3 | H47: =HYPERLINK( "#'Definitions'!A" & MATCH(G47, Definitions!A:A, 0), G47) -> Capitalevolutionitemlevel3 | I47: Capitalevolutionitemlevel3 | J47: =IF(I47="","", HYPERLINK( "#'Enumerations'!A" & MATCH(I47, Enumerations!A:A, 0), I47)) -> Capitalevolutionitemlevel3 | P47: Unique Group 1
A48: 1 | B48: Capital_projections | C48: 202701 | D48: Capital_evolution | E48: Scenario | F48: Scenario | G48: Scenario | H48: =HYPERLINK( "#'Definitions'!A" & MATCH(G48, Definitions!A:A, 0), G48) -> Scenario | I48: ScenarioBCST | J48: =IF(I48="","", HYPERLINK( "#'Enumerations'!A" & MATCH(I48, Enumerations!A:A, 0), I48)) -> ScenarioBCST | O48: Yes | P48: Unique Group 1
A49: 1 | B49: Capital_projections | C49: 202701 | D49: Capital_evolution | E49: Projectionperiod | F49: Projection period | G49: Projectionperiod | H49: =HYPERLINK( "#'Definitions'!A" & MATCH(G49, Definitions!A:A, 0), G49) -> Projectionperiod | I49: Projectionperiod | J49: =IF(I49="","", HYPERLINK( "#'Enumerations'!A" & MATCH(I49, Enumerations!A:A, 0), I49)) -> Projectionperiod | O49: Yes | P49: Unique Group 1
A50: 1 | B50: Capital_projections | C50: 202701 | D50: Capital_evolution | E50: Balance | F50: Balance | G50: Balance | H50: =HYPERLINK( "#'Definitions'!A" & MATCH(G50, Definitions!A:A, 0), G50) -> Balance | J50: =IF(I50="","", HYPERLINK( "#'Enumerations'!A" & MATCH(I50, Enumerations!A:A, 0), I50)) | K50: Float | O50: Yes
A51: 1 | B51: Capital_projections | C51: 202701 | D51: Capital_requirements | E51: Capitalrequirementitemlevel1 | F51: Capital requirement item level 1 | G51: Capitalrequirementitemlevel1 | H51: =HYPERLINK( "#'Definitions'!A" & MATCH(G51, Definitions!A:A, 0), G51) -> Capitalrequirementitemlevel1 | I51: Capitalrequirementitemlevel1 | J51: =IF(I51="","", HYPERLINK( "#'Enumerations'!A" & MATCH(I51, Enumerations!A:A, 0), I51)) -> Capitalrequirementitemlevel1 | O51: Yes | P51: Unique Group 1
A52: 1 | B52: Capital_projections | C52: 202701 | D52: Capital_requirements | E52: Capitalrequirementitemlevel2 | F52: Capital requirement item level 2 | G52: Capitalrequirementitemlevel2 | H52: =HYPERLINK( "#'Definitions'!A" & MATCH(G52, Definitions!A:A, 0), G52) -> Capitalrequirementitemlevel2 | I52: Capitalrequirementitemlevel2 | J52: =IF(I52="","", HYPERLINK( "#'Enumerations'!A" & MATCH(I52, Enumerations!A:A, 0), I52)) -> Capitalrequirementitemlevel2 | P52: Unique Group 1
A53: 1 | B53: Capital_projections | C53: 202701 | D53: Capital_requirements | E53: Othercapitalrequirementsitemdescription | F53: Other capital requirements item description | G53: Othercapitalrequirementsitemdescription | H53: =HYPERLINK( "#'Definitions'!A" & MATCH(G53, Definitions!A:A, 0), G53) -> Othercapitalrequirementsitemdescription | J53: =IF(I53="","", HYPERLINK( "#'Enumerations'!A" & MATCH(I53, Enumerations!A:A, 0), I53)) | K53: String (255 long)
A54: 1 | B54: Capital_projections | C54: 202701 | D54: Capital_requirements | E54: Scenario | F54: Scenario | G54: Scenario | H54: =HYPERLINK( "#'Definitions'!A" & MATCH(G54, Definitions!A:A, 0), G54) -> Scenario | I54: ScenarioBCST | J54: =IF(I54="","", HYPERLINK( "#'Enumerations'!A" & MATCH(I54, Enumerations!A:A, 0), I54)) -> ScenarioBCST | O54: Yes | P54: Unique Group 1
A55: 1 | B55: Capital_projections | C55: 202701 | D55: Capital_requirements | E55: Projectionperiod | F55: Projection period | G55: Projectionperiod | H55: =HYPERLINK( "#'Definitions'!A" & MATCH(G55, Definitions!A:A, 0), G55) -> Projectionperiod | I55: Projectionperiod | J55: =IF(I55="","", HYPERLINK( "#'Enumerations'!A" & MATCH(I55, Enumerations!A:A, 0), I55)) -> Projectionperiod | O55: Yes | P55: Unique Group 1
A56: 1 | B56: Capital_projections | C56: 202701 | D56: Capital_requirements | E56: RWA | F56: RWA | G56: RWA | H56: =HYPERLINK( "#'Definitions'!A" & MATCH(G56, Definitions!A:A, 0), G56) -> RWA | J56: =IF(I56="","", HYPERLINK( "#'Enumerations'!A" & MATCH(I56, Enumerations!A:A, 0), I56)) | K56: Float | L56: 0 | N56: Inclusive | O56: Yes
A57: 1 | B57: Capital_projections | C57: 202701 | D57: Capital_requirements | E57: StandardisedRWA | F57: Standardised RWA | G57: StandardisedRWA | H57: =HYPERLINK( "#'Definitions'!A" & MATCH(G57, Definitions!A:A, 0), G57) -> StandardisedRWA | J57: =IF(I57="","", HYPERLINK( "#'Enumerations'!A" & MATCH(I57, Enumerations!A:A, 0), I57)) | K57: Float | L57: 0 | N57: Inclusive | O57: Yes
A58: 1 | B58: Capital_projections | C58: 202701 | D58: Capital_requirements | E58: Transitionfactor | F58: Transition factor | G58: Transitionfactor | H58: =HYPERLINK( "#'Definitions'!A" & MATCH(G58, Definitions!A:A, 0), G58) -> Transitionfactor | J58: =IF(I58="","", HYPERLINK( "#'Enumerations'!A" & MATCH(I58, Enumerations!A:A, 0), I58)) | K58: Float | L58: 0 | N58: Inclusive | O58: Yes
A59: 1 | B59: Capital_projections | C59: 202701 | D59: Capital_requirements | E59: StandardisedRWAaftertransitionfactorapplied | F59: Standardised RWA after transition factor applied | G59: StandardisedRWAaftertransitionfactorapplied | H59: =HYPERLINK( "#'Definitions'!A" & MATCH(G59, Definitions!A:A, 0), G59) -> StandardisedRWAaftertransitionfactorapplied | J59: =IF(I59="","", HYPERLINK( "#'Enumerations'!A" & MATCH(I59, Enumerations!A:A, 0), I59)) | K59: Float | L59: 0 | N59: Inclusive | O59: Yes
A60: 1 | B60: Capital_projections | C60: 202701 | D60: Capital_resources | E60: Capitalresourceitemlevel1 | F60: Capital resource item level 1 | G60: Capitalresourceitemlevel1 | H60: =HYPERLINK( "#'Definitions'!A" & MATCH(G60, Definitions!A:A, 0), G60) -> Capitalresourceitemlevel1 | I60: Capitalresourceitemlevel1 | J60: =IF(I60="","", HYPERLINK( "#'Enumerations'!A" & MATCH(I60, Enumerations!A:A, 0), I60)) -> Capitalresourceitemlevel1 | O60: Yes | P60: Unique Group 1
A61: 1 | B61: Capital_projections | C61: 202701 | D61: Capital_resources | E61: Capitalresourceitemlevel2 | F61: Capital resource item level 2 | G61: Capitalresourceitemlevel2 | H61: =HYPERLINK( "#'Definitions'!A" & MATCH(G61, Definitions!A:A, 0), G61) -> Capitalresourceitemlevel2 | I61: Capitalresourceitemlevel2 | J61: =IF(I61="","", HYPERLINK( "#'Enumerations'!A" & MATCH(I61, Enumerations!A:A, 0), I61)) -> Capitalresourceitemlevel2 | P61: Unique Group 1
A62: 1 | B62: Capital_projections | C62: 202701 | D62: Capital_resources | E62: Capitalresourceitemlevel3 | F62: Capital resource item level 3 | G62: Capitalresourceitemlevel3 | H62: =HYPERLINK( "#'Definitions'!A" & MATCH(G62, Definitions!A:A, 0), G62) -> Capitalresourceitemlevel3 | I62: Capitalresourceitemlevel3 | J62: =IF(I62="","", HYPERLINK( "#'Enumerations'!A" & MATCH(I62, Enumerations!A:A, 0), I62)) -> Capitalresourceitemlevel3 | P62: Unique Group 1
A63: 1 | B63: Capital_projections | C63: 202701 | D63: Capital_resources | E63: Scenario | F63: Scenario | G63: Scenario | H63: =HYPERLINK( "#'Definitions'!A" & MATCH(G63, Definitions!A:A, 0), G63) -> Scenario | I63: ScenarioBCST | J63: =IF(I63="","", HYPERLINK( "#'Enumerations'!A" & MATCH(I63, Enumerations!A:A, 0), I63)) -> ScenarioBCST | O63: Yes | P63: Unique Group 1
A64: 1 | B64: Capital_projections | C64: 202701 | D64: Capital_resources | E64: Projectionperiod | F64: Projection period | G64: Projectionperiod | H64: =HYPERLINK( "#'Definitions'!A" & MATCH(G64, Definitions!A:A, 0), G64) -> Projectionperiod | I64: Projectionperiod | J64: =IF(I64="","", HYPERLINK( "#'Enumerations'!A" & MATCH(I64, Enumerations!A:A, 0), I64)) -> Projectionperiod | O64: Yes | P64: Unique Group 1
A65: 1 | B65: Capital_projections | C65: 202701 | D65: Capital_resources | E65: Balance | F65: Balance | G65: Balance | H65: =HYPERLINK( "#'Definitions'!A" & MATCH(G65, Definitions!A:A, 0), G65) -> Balance | J65: =IF(I65="","", HYPERLINK( "#'Enumerations'!A" & MATCH(I65, Enumerations!A:A, 0), I65)) | K65: Float | O65: Yes
A66: 1 | B66: Capital_projections | C66: 202701 | D66: Capital_results_summary | E66: Capitalresultssummaryitem | F66: Capital results summary item | G66: Capitalresultssummaryitemitem | H66: =HYPERLINK( "#'Definitions'!A" & MATCH(G66, Definitions!A:A, 0), G66) -> Capitalresultssummaryitemitem | I66: Capitalresultssummaryitem | J66: =IF(I66="","", HYPERLINK( "#'Enumerations'!A" & MATCH(I66, Enumerations!A:A, 0), I66)) -> Capitalresultssummaryitem | O66: Yes | P66: Unique Group 1
A67: 1 | B67: Capital_projections | C67: 202701 | D67: Capital_results_summary | E67: Scenario | F67: Scenario | G67: Scenario | H67: =HYPERLINK( "#'Definitions'!A" & MATCH(G67, Definitions!A:A, 0), G67) -> Scenario | I67: ScenarioBCST | J67: =IF(I67="","", HYPERLINK( "#'Enumerations'!A" & MATCH(I67, Enumerations!A:A, 0), I67)) -> ScenarioBCST | O67: Yes | P67: Unique Group 1
A68: 1 | B68: Capital_projections | C68: 202701 | D68: Capital_results_summary | E68: Projectionperiod | F68: Projection period | G68: Projectionperiod | H68: =HYPERLINK( "#'Definitions'!A" & MATCH(G68, Definitions!A:A, 0), G68) -> Projectionperiod | I68: Projectionperiod | J68: =IF(I68="","", HYPERLINK( "#'Enumerations'!A" & MATCH(I68, Enumerations!A:A, 0), I68)) -> Projectionperiod | O68: Yes | P68: Unique Group 1
A69: 1 | B69: Capital_projections | C69: 202701 | D69: Capital_results_summary | E69: Balance | F69: Balance | G69: Balance | H69: =HYPERLINK( "#'Definitions'!A" & MATCH(G69, Definitions!A:A, 0), G69) -> Balance | J69: =IF(I69="","", HYPERLINK( "#'Enumerations'!A" & MATCH(I69, Enumerations!A:A, 0), I69)) | K69: Float | O69: Yes
A70: 1 | B70: Capital_projections | C70: 202701 | D70: EL-P_reconciliation | E70: Risktype | F70: Risk type | G70: Risktype | H70: =HYPERLINK( "#'Definitions'!A" & MATCH(G70, Definitions!A:A, 0), G70) -> Risktype | I70: ELPRisktype | J70: =IF(I70="","", HYPERLINK( "#'Enumerations'!A" & MATCH(I70, Enumerations!A:A, 0), I70)) -> ELPRisktype | O70: Yes | P70: Unique Group 1
A71: 1 | B71: Capital_projections | C71: 202701 | D71: EL-P_reconciliation | E71: Defaultstatusandexpectedlossorprovision | F71: Default status and expected loss or provision | G71: Defaultstatusandexpectedlossorprovision | H71: =HYPERLINK( "#'Definitions'!A" & MATCH(G71, Definitions!A:A, 0), G71) -> Defaultstatusandexpectedlossorprovision | I71: Defaultstatusandexpectedlossorprovision | J71: =IF(I71="","", HYPERLINK( "#'Enumerations'!A" & MATCH(I71, Enumerations!A:A, 0), I71)) -> Defaultstatusandexpectedlossorprovision | O71: Yes | P71: Unique Group 1
A72: 1 | B72: Capital_projections | C72: 202701 | D72: EL-P_reconciliation | E72: Scenario | F72: Scenario | G72: Scenario | H72: =HYPERLINK( "#'Definitions'!A" & MATCH(G72, Definitions!A:A, 0), G72) -> Scenario | I72: ScenarioBCST | J72: =IF(I72="","", HYPERLINK( "#'Enumerations'!A" & MATCH(I72, Enumerations!A:A, 0), I72)) -> ScenarioBCST | O72: Yes | P72: Unique Group 1
A73: 1 | B73: Capital_projections | C73: 202701 | D73: EL-P_reconciliation | E73: Projectionperiod | F73: Projection period | G73: Projectionperiod | H73: =HYPERLINK( "#'Definitions'!A" & MATCH(G73, Definitions!A:A, 0), G73) -> Projectionperiod | I73: Projectionperiod | J73: =IF(I73="","", HYPERLINK( "#'Enumerations'!A" & MATCH(I73, Enumerations!A:A, 0), I73)) -> Projectionperiod | O73: Yes | P73: Unique Group 1
A74: 1 | B74: Capital_projections | C74: 202701 | D74: EL-P_reconciliation | E74: Balance | F74: Balance | G74: Balance | H74: =HYPERLINK( "#'Definitions'!A" & MATCH(G74, Definitions!A:A, 0), G74) -> Balance | J74: =IF(I74="","", HYPERLINK( "#'Enumerations'!A" & MATCH(I74, Enumerations!A:A, 0), I74)) | K74: Float | L74: 0 | N74: Inclusive | O74: Yes
A75: 1 | B75: Capital_projections | C75: 202701 | D75: FX_capital_resources | E75: Capitalmeasureitemlevel1 | F75: Capital measure item level 1 | G75: Capitalmeasureitemlevel1 | H75: =HYPERLINK( "#'Definitions'!A" & MATCH(G75, Definitions!A:A, 0), G75) -> Capitalmeasureitemlevel1 | I75: Capitalmeasureitemlevel1 | J75: =IF(I75="","", HYPERLINK( "#'Enumerations'!A" & MATCH(I75, Enumerations!A:A, 0), I75)) -> Capitalmeasureitemlevel1 | O75: Yes | P75: Unique Group 1
A76: 1 | B76: Capital_projections | C76: 202701 | D76: FX_capital_resources | E76: Constantordynamiccurrency | F76: Constant or dynamic currency | G76: Constantordynamiccurrency | H76: =HYPERLINK( "#'Definitions'!A" & MATCH(G76, Definitions!A:A, 0), G76) -> Constantordynamiccurrency | I76: Constantordynamiccurrency | J76: =IF(I76="","", HYPERLINK( "#'Enumerations'!A" & MATCH(I76, Enumerations!A:A, 0), I76)) -> Constantordynamiccurrency | P76: Unique Group 1
A77: 1 | B77: Capital_projections | C77: 202701 | D77: FX_capital_resources | E77: Currency | F77: Currency | G77: Currency | H77: =HYPERLINK( "#'Definitions'!A" & MATCH(G77, Definitions!A:A, 0), G77) -> Currency | I77: Currency | J77: =IF(I77="","", HYPERLINK( "#'Enumerations'!A" & MATCH(I77, Enumerations!A:A, 0), I77)) -> Currency | P77: Unique Group 1
A78: 1 | B78: Capital_projections | C78: 202701 | D78: FX_capital_resources | E78: Scenario | F78: Scenario | G78: Scenario | H78: =HYPERLINK( "#'Definitions'!A" & MATCH(G78, Definitions!A:A, 0), G78) -> Scenario | I78: ScenarioBCST | J78: =IF(I78="","", HYPERLINK( "#'Enumerations'!A" & MATCH(I78, Enumerations!A:A, 0), I78)) -> ScenarioBCST | O78: Yes | P78: Unique Group 1
A79: 1 | B79: Capital_projections | C79: 202701 | D79: FX_capital_resources | E79: Projectionperiod | F79: Projection period | G79: Projectionperiod | H79: =HYPERLINK( "#'Definitions'!A" & MATCH(G79, Definitions!A:A, 0), G79) -> Projectionperiod | I79: Projectionperiod | J79: =IF(I79="","", HYPERLINK( "#'Enumerations'!A" & MATCH(I79, Enumerations!A:A, 0), I79)) -> Projectionperiod | O79: Yes | P79: Unique Group 1
A80: 1 | B80: Capital_projections | C80: 202701 | D80: FX_capital_resources | E80: Balance | F80: Balance | G80: Balance | H80: =HYPERLINK( "#'Definitions'!A" & MATCH(G80, Definitions!A:A, 0), G80) -> Balance | J80: =IF(I80="","", HYPERLINK( "#'Enumerations'!A" & MATCH(I80, Enumerations!A:A, 0), I80)) | K80: Float | L80: 0 | N80: Inclusive | O80: Yes
A81: 1 | B81: Capital_projections | C81: 202701 | D81: FX_leverage | E81: LeverageFXitem | F81: Leverage FX item | G81: LeverageFXitem | H81: =HYPERLINK( "#'Definitions'!A" & MATCH(G81, Definitions!A:A, 0), G81) -> LeverageFXitem | I81: LeverageFXitem | J81: =IF(I81="","", HYPERLINK( "#'Enumerations'!A" & MATCH(I81, Enumerations!A:A, 0), I81)) -> LeverageFXitem | O81: Yes | P81: Unique Group 1
A82: 1 | B82: Capital_projections | C82: 202701 | D82: FX_leverage | E82: Constantordynamiccurrency | F82: Constant or dynamic currency | G82: Constantordynamiccurrency | H82: =HYPERLINK( "#'Definitions'!A" & MATCH(G82, Definitions!A:A, 0), G82) -> Constantordynamiccurrency | I82: Constantordynamiccurrency | J82: =IF(I82="","", HYPERLINK( "#'Enumerations'!A" & MATCH(I82, Enumerations!A:A, 0), I82)) -> Constantordynamiccurrency | P82: Unique Group 1
A83: 1 | B83: Capital_projections | C83: 202701 | D83: FX_leverage | E83: Currency | F83: Currency | G83: Currency | H83: =HYPERLINK( "#'Definitions'!A" & MATCH(G83, Definitions!A:A, 0), G83) -> Currency | I83: Currency | J83: =IF(I83="","", HYPERLINK( "#'Enumerations'!A" & MATCH(I83, Enumerations!A:A, 0), I83)) -> Currency | P83: Unique Group 1
A84: 1 | B84: Capital_projections | C84: 202701 | D84: FX_leverage | E84: Scenario | F84: Scenario | G84: Scenario | H84: =HYPERLINK( "#'Definitions'!A" & MATCH(G84, Definitions!A:A, 0), G84) -> Scenario | I84: ScenarioBCST | J84: =IF(I84="","", HYPERLINK( "#'Enumerations'!A" & MATCH(I84, Enumerations!A:A, 0), I84)) -> ScenarioBCST | O84: Yes | P84: Unique Group 1
A85: 1 | B85: Capital_projections | C85: 202701 | D85: FX_leverage | E85: Projectionperiod | F85: Projection period | G85: Projectionperiod | H85: =HYPERLINK( "#'Definitions'!A" & MATCH(G85, Definitions!A:A, 0), G85) -> Projectionperiod | I85: Projectionperiod | J85: =IF(I85="","", HYPERLINK( "#'Enumerations'!A" & MATCH(I85, Enumerations!A:A, 0), I85)) -> Projectionperiod | O85: Yes | P85: Unique Group 1
A86: 1 | B86: Capital_projections | C86: 202701 | D86: FX_leverage | E86: Balance | F86: Balance | G86: Balance | H86: =HYPERLINK( "#'Definitions'!A" & MATCH(G86, Definitions!A:A, 0), G86) -> Balance | J86: =IF(I86="","", HYPERLINK( "#'Enumerations'!A" & MATCH(I86, Enumerations!A:A, 0), I86)) | K86: Float | O86: Yes
A87: 1 | B87: Capital_projections | C87: 202701 | D87: FX_RWA | E87: RWAitem | F87: RWA item | G87: RWAitem | H87: =HYPERLINK( "#'Definitions'!A" & MATCH(G87, Definitions!A:A, 0), G87) -> RWAitem | I87: RWAitem | J87: =IF(I87="","", HYPERLINK( "#'Enumerations'!A" & MATCH(I87, Enumerations!A:A, 0), I87)) -> RWAitem | O87: Yes | P87: Unique Group 1
A88: 1 | B88: Capital_projections | C88: 202701 | D88: FX_RWA | E88: Constantordynamiccurrency | F88: Constant or dynamic currency | G88: Constantordynamiccurrency | H88: =HYPERLINK( "#'Definitions'!A" & MATCH(G88, Definitions!A:A, 0), G88) -> Constantordynamiccurrency | I88: Constantordynamiccurrency | J88: =IF(I88="","", HYPERLINK( "#'Enumerations'!A" & MATCH(I88, Enumerations!A:A, 0), I88)) -> Constantordynamiccurrency | P88: Unique Group 1
A89: 1 | B89: Capital_projections | C89: 202701 | D89: FX_RWA | E89: Currency | F89: Currency | G89: Currency | H89: =HYPERLINK( "#'Definitions'!A" & MATCH(G89, Definitions!A:A, 0), G89) -> Currency | I89: Currency | J89: =IF(I89="","", HYPERLINK( "#'Enumerations'!A" & MATCH(I89, Enumerations!A:A, 0), I89)) -> Currency | P89: Unique Group 1
A90: 1 | B90: Capital_projections | C90: 202701 | D90: FX_RWA | E90: Scenario | F90: Scenario | G90: Scenario | H90: =HYPERLINK( "#'Definitions'!A" & MATCH(G90, Definitions!A:A, 0), G90) -> Scenario | I90: ScenarioBCST | J90: =IF(I90="","", HYPERLINK( "#'Enumerations'!A" & MATCH(I90, Enumerations!A:A, 0), I90)) -> ScenarioBCST | O90: Yes | P90: Unique Group 1
A91: 1 | B91: Capital_projections | C91: 202701 | D91: FX_RWA | E91: Projectionperiod | F91: Projection period | G91: Projectionperiod | H91: =HYPERLINK( "#'Definitions'!A" & MATCH(G91, Definitions!A:A, 0), G91) -> Projectionperiod | I91: Projectionperiod | J91: =IF(I91="","", HYPERLINK( "#'Enumerations'!A" & MATCH(I91, Enumerations!A:A, 0), I91)) -> Projectionperiod | O91: Yes | P91: Unique Group 1
A92: 1 | B92: Capital_projections | C92: 202701 | D92: FX_RWA | E92: RWA | F92: RWA | G92: RWA | H92: =HYPERLINK( "#'Definitions'!A" & MATCH(G92, Definitions!A:A, 0), G92) -> RWA | J92: =IF(I92="","", HYPERLINK( "#'Enumerations'!A" & MATCH(I92, Enumerations!A:A, 0), I92)) | K92: Float | L92: 0 | N92: Inclusive | O92: Yes
A93: 1 | B93: Capital_projections | C93: 202701 | D93: FX_RWA | E93: StandardisedRWA | F93: Standardised RWA | G93: StandardisedRWA | H93: =HYPERLINK( "#'Definitions'!A" & MATCH(G93, Definitions!A:A, 0), G93) -> StandardisedRWA | J93: =IF(I93="","", HYPERLINK( "#'Enumerations'!A" & MATCH(I93, Enumerations!A:A, 0), I93)) | K93: Float | L93: 0 | N93: Inclusive | O93: Yes
A94: 1 | B94: Capital_projections | C94: 202701 | D94: FX_RWA | E94: Transitionfactor | F94: Transition factor | G94: Transitionfactor | H94: =HYPERLINK( "#'Definitions'!A" & MATCH(G94, Definitions!A:A, 0), G94) -> Transitionfactor | J94: =IF(I94="","", HYPERLINK( "#'Enumerations'!A" & MATCH(I94, Enumerations!A:A, 0), I94)) | K94: Float | L94: 0 | N94: Inclusive | O94: Yes
A95: 1 | B95: Capital_projections | C95: 202701 | D95: FX_RWA | E95: StandardisedRWAaftertransitionfactorapplied | F95: Standardised RWA after transition factor applied | G95: StandardisedRWAaftertransitionfactorapplied | H95: =HYPERLINK( "#'Definitions'!A" & MATCH(G95, Definitions!A:A, 0), G95) -> StandardisedRWAaftertransitionfactorapplied | J95: =IF(I95="","", HYPERLINK( "#'Enumerations'!A" & MATCH(I95, Enumerations!A:A, 0), I95)) | K95: Float | L95: 0 | N95: Inclusive | O95: Yes
A96: 1 | B96: Capital_projections | C96: 202701 | D96: Impact_of_issuance_in_stress | E96: Capitaltieritem | F96: Capital tier item | G96: Capitaltieritem | H96: =HYPERLINK( "#'Definitions'!A" & MATCH(G96, Definitions!A:A, 0), G96) -> Capitaltieritem | I96: Capitaltieritem | J96: =IF(I96="","", HYPERLINK( "#'Enumerations'!A" & MATCH(I96, Enumerations!A:A, 0), I96)) -> Capitaltieritem | O96: Yes | P96: Unique Group 1
A97: 1 | B97: Capital_projections | C97: 202701 | D97: Impact_of_issuance_in_stress | E97: Scenario | F97: Scenario | G97: Scenario | H97: =HYPERLINK( "#'Definitions'!A" & MATCH(G97, Definitions!A:A, 0), G97) -> Scenario | I97: ScenarioBCST | J97: =IF(I97="","", HYPERLINK( "#'Enumerations'!A" & MATCH(I97, Enumerations!A:A, 0), I97)) -> ScenarioBCST | O97: Yes | P97: Unique Group 1
A98: 1 | B98: Capital_projections | C98: 202701 | D98: Impact_of_issuance_in_stress | E98: Projectionperiod | F98: Projection period | G98: Projectionperiod | H98: =HYPERLINK( "#'Definitions'!A" & MATCH(G98, Definitions!A:A, 0), G98) -> Projectionperiod | I98: Projectionperiod | J98: =IF(I98="","", HYPERLINK( "#'Enumerations'!A" & MATCH(I98, Enumerations!A:A, 0), I98)) -> Projectionperiod | O98: Yes | P98: Unique Group 1
A99: 1 | B99: Capital_projections | C99: 202701 | D99: Impact_of_issuance_in_stress | E99: Issuancecurrency | F99: Issuance currency | G99: Issuancecurrency | H99: =HYPERLINK( "#'Definitions'!A" & MATCH(G99, Definitions!A:A, 0), G99) -> Issuancecurrency | I99: Currency | J99: =IF(I99="","", HYPERLINK( "#'Enumerations'!A" & MATCH(I99, Enumerations!A:A, 0), I99)) -> Currency | O99: Yes
A100: 1 | B100: Capital_projections | C100: 202701 | D100: Impact_of_issuance_in_stress | E100: Costofissuance | F100: Cost of issuance | G100: Costofissuance | H100: =HYPERLINK( "#'Definitions'!A" & MATCH(G100, Definitions!A:A, 0), G100) -> Costofissuance | J100: =IF(I100="","", HYPERLINK( "#'Enumerations'!A" & MATCH(I100, Enumerations!A:A, 0), I100)) | K100: Float | O100: Yes
...

Sheet Enumerations
A1: Enumerations
A3: Enumeration name | B3: Enumeration | C3: Description
A4: Accountingdesignation | B4: Financial assets at amortised cost | C4: FINREP F1.1 row 181.
A5: Accountingdesignation | B5: Financial assets at fair value through other comprehensive income | C5: FINREP F1.1 row 141.
A6: Accountingdesignation | B6: Financial assets designated at fair value through profit or loss | C6: FINREP F1.1 row 100.
A7: Accountingdesignation | B7: Financial assets held for trading | C7: FINREP F1.1 row 050.
A8: Accountingdesignation | B8: Non-trading financial assets mandatorily at fair value through profit or loss | C8: FINREP F1.1 row 096.
A9: Accountingparameter | B9: Discount rate | C9: The rate used to discount post-employment benefit obligations, as per IAS 19 paragraph 83.
A10: Accountingparameter | B10: Inflation rate | C10: The assumption used for long term inflation (RPI) expressed as an annual rate, in the valuation of post-employment benefit obligations.
A11: Accountingparameter | B11: Pension increases | C11: The assumption used for average annual pension increases in the valuation of the post-employment benefit obligations. Pension Increases should represent the liability-weighted average of pension increase assumptions.
A12: Accountstatus | B12: In possession | C12: In possession
A13: Accountstatus | B13: Closed good | C13: Closed good
A14: Accountstatus | B14: Written off | C14: Written off
... A1475: Historicalperiodyear | B1475: 2019 | C1475: 2019
A1476: Historicalperiodyear | B1476: 2020 | C1476: 2020
A1477: Historicalperiodyear | B1477: 2021 | C1477: 2021
A1478: Historicalperiodyear | B1478: 2022 | C1478: 2022
A1479: Historicalperiodyear | B1479: 2023 | C1479: 2023
A1480: Historicalperiodyear | B1480: 2024 | C1480: 2024
A1481: Historicalperiodyear | B1481: 2025 | C1481: 2025
A1482: Historicalperiodyear | B1482: 2026 | C1482: 2026
A1483: Historicalperiodyear | B1483: 2027 | C1483: 2027
A1484: Historicalperiodyear | B1484: 2028 | C1484: 2028
A1485: Historicalperiodyear | B1485: 2029 | C1485: 2029
A1486: Historicalperiodyear | B1486: 2030 | C1486: 2030
A1487: Historicalperiodyear | B1487: Pre 2006 | C1487: Pre 2006
A1488: HMOindicator | B1488: HMO | C1488: HMO
A1489: HMOindicator | B1489: Non HMO | C1489: Non HMO
A1490: IBclassification | B1490: IB | C1490: IB
A1491: IBclassification | B1491: Non-IB | C1491: Non-IB
A1492: IBincomelevel1 | B1492: Net interest income | C1492: The net interest in the reference period. This inclues both interest reported in the Net interest income projections template and all other group interest.
A1493: IBincomelevel1 | B1493: Fee and commission income | C1493: All fee and commission income in the reference period. This should reconcile to the fee and commission income reported in Other income details worksheet in the Fees and Costs projections template.
A1494: IBincomelevel1 | B1494: Fee and commission expenses | C1494: All fee and commission expense in the reference period. This should reconcile to the fee and commission expense reported in Other expense details worksheet in the Fees and Costs projections template.
A1495: IBincomelevel2 | B1495: Interest on banking activities | C1495: The interest income reported in Net interest income projections template from all banking activities. All other group interest from activities such as insurance business should be excluded. This should be the sum of all positive and negative interest reported against Accouting categories Assets and Derivatives - Assets. When Profit or loss item level 1 equals Interest expense and it should be the sum of all positive and negative interest reported against Accouting categories Liabilities and Derivatives - liabilities when Profit or loss item level 1 equals Interest expense. When Profit or loss item level 1 equals net interest income it should be the sum of all positive and negative interest reported on the net interest income projections template.
A1496: IBincomelevel2 | B1496: Trading book funding cost | C1496: Trading book funding cost
A1497: IBincomelevel2 | B1497: Other group NII | C1497: This should be the sum of Other group interest income less other group interest expense.
A1498: IFRS9residualmaturityband | B1498: <6m | C1498: <6m
... A1721: Investmentgrade | B1721: Sub investment grade | C1721: Sub investment grade
A1722: IRBcreditgrade | B1722: 0 | C1722: 0
A1723: IRBcreditgrade | B1723: 1 | C1723: 1
A1724: IRBcreditgrade | B1724: 2 | C1724: 2
A1725: IRBcreditgrade | B1725: 3 | C1725: 3
A1726: IRBcreditgrade | B1726: 4 | C1726: 4
A1727: IRBcreditgrade | B1727: 5 | C1727: 5
A1728: IRBcreditgrade | B1728: 6 | C1728: 6
A1729: IRBcreditgrade | B1729: 7 | C1729: 7
A1730: IRBcreditgrade | B1730: 8 | C1730: 8
A1731: IRBcreditgrade | B1731: 9 | C1731: 9
A1732: IRBcreditgrade | B1732: 10 | C1732: 10
A1733: IRBcreditgrade | B1733: 11 | C1733: 11
... A1742: IRBcreditgrade | B1742: 20 | C1742: 20
A1743: IRBcreditgrade | B1743: Default | C1743: Default
A1744: IRBcreditgrade | B1744: Unknown/Standardised | C1744: Unknown/Standardised
A1745: Lender | B1745: Reporting firm | C1745: Reporting firm
A1746: Lender | B1746: All firms | C1746: All firms
A1747: Lendingproducttype | B1747: Reverse repo lending | C1747: All instruments classified as reverse repo on the balance sheet.
A1748: Lendingproducttype | B1748: Securities lending | C1748: All instruments classified as securities lending on the balance sheet.
A1749: Leveragedlendingclass | B1749: Class 1 Financial sponsor ownership | C1749: All types of loan or credit exposure where: The borrower is >50% owned by one or more financial sponsor(s). Exclusions - the following exposures are not expected to be covered by the ‘financial sponsor ownership’ leveraged lending class definition:- Loans to small and medium-sized enterprises (SMEs) as defined by 2003/361/EC ;- Loans to natural persons, credit institutions, investment firms, public sector entities and financial sector entities;- Loans classified as specialised lending;- Asset-Based Loans (ABLs) that are the only source of funding in the borrower's capital structure.- Loans secured only by financial assets.
A1750: Leveragedlendingclass | B1750: Class 2 Leveraged lending without financial sponsor ownership | C1750: All types of loan or credit exposure, where: The borrower’s post-financing level of leverage exceeds a Total Debt to EBITDA ratio of 4.0 times, and;- The borrower is less than or equal to 50% owned by a financial sponsor(s). Exclusions - the following exposures are not expected to be covered by the ‘leveraged lending without financial sponsor ownership’ leveraged lending class definition:- Loans to small and medium-sized enterprises (SMEs) as defined by 2003/361/EC;- Loans to natural persons, credit institutions, investment firms, public sector entities and financial sector entities;- Loans classified as specialised lending;- Asset-Based Loans (ABLs) that are the only source of funding in the borrower's capital structure;- Loans secured only by financial assets.
A1751: LeverageFXitem | B1751: Cash balances at central banks | C1751: Claims on central banks (denominated in the national currency of such central bank) where they are matched by deposits accepted by the firm that are denominated in the same currency and of identical or longer maturity. Central bank claims for these purposes include reserves held by a firm at the central bank, banknotes and coins constituting legal currency in the jurisdiction of the central bank, and assets representing debt claims on the central bank with a maturity of no longer than three months.
A1752: LeverageFXitem | B1752: Tier 1 Capital | C1752: Tier 1 Capital, please report this item as a sum of all currencies. http://www.prarulebook.co.uk/rulebook/Content/Part/319681
A1753: LeverageFXitem | B1753: Tier 1 Capital currency breakdown item | C1753: COREP CA1 ID1.1, please report this item when completing the currency column. http://www.prarulebook.co.uk/rulebook/Content/Part/319681
A1754: LeverageFXitem | B1754: Total Leverage Ratio exposure - using a fully phased-in definition of Tier 1 Capital | C1754: The total leverage exposure, please report this item as a sum of all currencies. http://www.prarulebook.co.uk/rulebook/Content/Part/319681
... A1982: NIIsensitivitylevel1 | B1982: Change in NII: of which other | C1982: This category should be used to capture any other material drivers of the change in net interest income if appropriate
A1983: NumberofpropertiesincustomerBTLportfolio | B1983: 1 | C1983: 1
A1984: NumberofpropertiesincustomerBTLportfolio | B1984: 2 | C1984: 2
A1985: NumberofpropertiesincustomerBTLportfolio | B1985: 3 | C1985: 3
A1986: NumberofpropertiesincustomerBTLportfolio | B1986: 4 | C1986: 4
A1987: NumberofpropertiesincustomerBTLportfolio | B1987: 5-7 | C1987: 5-7
A1988: NumberofpropertiesincustomerBTLportfolio | B1988: 8-10 | C1988: 8-10
A1989: NumberofpropertiesincustomerBTLportfolio | B1989: 11-15 | C1989: 11-15
A1990: NumberofpropertiesincustomerBTLportfolio | B1990: 15+ | C1990: 15+
A1991: NumberofpropertiesincustomerBTLportfolio | B1991: Unknown | C1991: Unknown
A1992: OriginationLTVwithBaselupdaterulesapplied | B1992: <30% | C1992: <30%
A1993: OriginationLTVwithBaselupdaterulesapplied | B1993: >=30% & <40% | C1993: >=30% & <40%
A1994: OriginationLTVwithBaselupdaterulesapplied | B1994: >=40% & <50% | C1994: >=40% & <50%
A1995: OriginationLTVwithBaselupdaterulesapplied | B1995: >=50%&<60% | C1995: >=50%&<60%
... A2125: Pipeline | B2125: Syndicated loans | C2125: Current pipeline of all commitments which are Syndicated loans.
A2126: PRA110classification | B2126: 6490 | C2126: PRA 110 row item 6490
A2127: PRA110classification | B2127: 770 | C2127: PRA 110 row item 770
A2128: PRA110classification | B2128: 780 | C2128: PRA 110 row item 780
A2129: PRA110classification | B2129: 790 | C2129: PRA 110 row item 790
A2130: PRA110classification | B2130: 800 | C2130: PRA 110 row item 800
A2131: PRA110classification | B2131: 810 | C2131: PRA 110 row item 810
A2132: PRA110classification | B2132: 830 | C2132: PRA 110 row item 830
A2133: PRA110classification | B2133: 840 | C2133: PRA 110 row item 840
A2134: PRA110classification | B2134: 850 | C2134: PRA 110 row item 850
A2135: PRA110classification | B2135: 870 | C2135: PRA 110 row item 870
A2136: PRA110classification | B2136: 880 | C2136: PRA 110 row item 880
A2137: PRA110classification | B2137: 890 | C2137: PRA 110 row item 890
... A2146: PRA110classification | B2146: 980 | C2146: PRA 110 row item 980
A2147: Preorpostmanagementaction | B2147: Post | C2147: After any strategic management action
A2148: Preorpostmanagementaction | B2148: Pre | C2148: Before any strategic management action
A2149: PreviousarrearsbandbyMIA | B2149: Up to date | C2149: Previous banding of exposures by their months in arrears up to date.
A2150: PreviousarrearsbandbyMIA | B2150: >0m&<1m | C2150: Previous banding of exposures by their months in arrears >0m&<1m. Where 1m is referenced, this should be taken to mean 30 days to be consistent with the IFRS9 stage 1 definition of impairments.
A2151: PreviousarrearsbandbyMIA | B2151: >=1m&<2m | C2151: Previous banding of exposures by their months in arrears >=1m&<2m. Where 1m is referenced, this should be taken to mean 30 days to be consistent with the IFRS9 stage 1 definition of impairments.
A2152: PreviousarrearsbandbyMIA | B2152: >=2m&<3m | C2152: Previous banding of exposures by their months in arrears >=2m&<3m. Where 3m is referenced, this should be taken to mean 90 days to be consistent with the IFRS9 stage 3 definition of impairments.
A2153: PreviousarrearsbandbyMIA | B2153: >=3m&<6m | C2153: Previous banding of exposures by their months in arrears >=3m&<6m. Where 3m is referenced, this should be taken to mean 90 days to be consistent with the IFRS9 stage 3 definition of impairments.
A2154: PreviousarrearsbandbyMIA | B2154: >=6m&<12m | C2154: Previous banding of exposures by their months in arrears >6m&<12m.
A2155: PreviousarrearsbandbyMIA | B2155: >=12m | C2155: Previous banding of exposures by their months in arrears >=12m.
...

Sheet Definitions
A1: Definitions
A3: Definition Name | B3: Definition
A4: AccountingBalance | B4: The amount of a balance sheet item as defined by statutory accounting standards as of end of the period under consideration. e.g. the carrying amount of an asset as per IAS 36 or fair value of revenue as per IAS 18.
A5: Accountingcategory | B5: A high level accounting category.
A6: AccountingCVAposthedge | B6: Accounting balance of credit valuation adjustments (CVA) net of hedges.
A7: AccountingCVAprehedge | B7: Accounting balance of credit valuation adjustments (CVA) gross of hedges.
A8: Accountingdesignation | B8: The accounting method under which the value of the item is recorded in the firm's financial statements.
A9: Accountingparameter | B9: An assumption used in the derivation of the IAS19 liabilities.
A10: Accountingparametervalue | B10: The value of the associated 'accounting parameter' expressed as a decimal.
A11: Accountstatus | B11: An indicator of whether the account is projected to be up-to-date, in arrears, in default, in possession, written off or closed good at the projection period.
A12: Actualsaleprice | B12: the realised sale price of the property upon disposal.
A13: Additionalinformation | B13: Please add any relevant additional information relating to the reported data.
A14: Affordability | B14: A banding for the customers' monthly mortgage payment, divided by the customers' monthly NET income at origination of contract.
... A771: Zipfoldername | B771: The exact name of the zip folder that the File is submitted within. This is to assist with troubleshooting.

Sheet Validations
A1: Validations
A3: Template | B3: Version | C3: Tab Name | D3: Field Name | E3: Rule Type | F3: Range_Bottom | G3: Range_Top | H3: Range_Scope | I3: Published Rule Id | J3: Description
A4: AssetLiabilityManagement | B4: 202203 | C4: Comments | D4: Comment | E4: Type | I4: 24857 | J4: For the field noted, the reported data point is in the expected format (e.g. no strings are expected in numerical fields)
A5: AssetLiabilityManagement | B5: 202203 | C5: Comments | D5: Commenttype | E5: Enumeration | I5: 24855 | J5: This field must be populated using a valid option from the list in the STDF Dictionary for this field.
A6: AssetLiabilityManagement | B6: 202203 | C6: Comments | D6: Context | E6: Enumeration | I6: 24854 | J6: This field must be populated using a valid option from the list in the STDF Dictionary for this field.
A7: AssetLiabilityManagement | B7: 202203 | C7: Comments | D7: RuleID | E7: Type | I7: 24856 | J7: For the field noted, the reported data point is in the expected format (e.g. no strings are expected in numerical fields)
A8: AssetLiabilityManagement | B8: 202203 | C8: Non_traded_market_risk | E8: Pattern | I8: 27281 | J8: Pattern rules limit the domain#hierarchy (enumeration) choices depending upon prior domain#hierarchy (enumeration) choice
A9: AssetLiabilityManagement | B9: 202203 | C9: Non_traded_market_risk | E9: Unique | I9: 27070 | J9: Unique rules limits one or more field patterns to only occurring once
A10: AssetLiabilityManagement | B10: 202203 | C10: Non_traded_market_risk | D10: Balancesheetcurrency | E10: Enumeration | I10: 15956 | J10: This field must be populated using a valid option from the list in the STDF Dictionary for this field.
A11: AssetLiabilityManagement | B11: 202203 | C11: Non_traded_market_risk | D11: Balancesheetcurrency | E11: Mandatory | I11: 16204 | J11: This validates that the referenced field has been populated as it is mandatory. It does not check the validity of the data point.
A12: AssetLiabilityManagement | B12: 202203 | C12: Non_traded_market_risk | D12: Balancesheetheader | E12: Enumeration | I12: 15957 | J12: This field must be populated using a valid option from the list in the STDF Dictionary for this field.
A13: AssetLiabilityManagement | B13: 202203 | C13: Non_traded_market_risk | D13: Balancesheetheader | E13: Mandatory | I13: 16205 | J13: This validates that the referenced field has been populated as it is mandatory. It does not check the validity of the data point.
A14: AssetLiabilityManagement | B14: 202203 | C14: Non_traded_market_risk | D14: Balancesheetitem | E14: Enumeration | I14: 15960 | J14: This field must be populated using a valid option from the list in the STDF Dictionary for this field.
A15: AssetLiabilityManagement | B15: 202203 | C15: Non_traded_market_risk | D15: Behaviouralisedbalance | E15: Mandatory | I15: 16208 | J15: This validates that the referenced field has been populated as it is mandatory. It does not check the validity of the data point.
A16: AssetLiabilityManagement | B16: 202203 | C16: Non_traded_market_risk | D16: Behaviouralisedbalance | E16: Range | F16: 0 | H16: Inclusive | I16: 18800 | J16: For the field noted, the data must be within the pre-defined submission range.
A17: AssetLiabilityManagement | B17: 202203 | C17: Non_traded_market_risk | D17: Behaviouralisedbalance | E17: Type | I17: 15963 | J17: For the field noted, the reported data point is in the expected format (e.g. no strings are expected in numerical fields)
A18: AssetLiabilityManagement | B18: 202203 | C18: Non_traded_market_risk | D18: InterestRateSensitivity | E18: Enumeration | I18: 15961 | J18: This field must be populated using a valid option from the list in the STDF Dictionary for this field.
A19: AssetLiabilityManagement | B19: 202203 | C19: Non_traded_market_risk | D19: Organisationalunitlevel1 | E19: Mandatory | I19: 16202 | J19: This validates that the referenced field has been populated as it is mandatory. It does not check the validity of the data point.
A20: AssetLiabilityManagement | B20: 202203 | C20: Non_traded_market_risk | D20: Organisationalunitlevel1 | E20: Type | I20: 15953 | J20: For the field noted, the reported data point is in the expected format (e.g. no strings are expected in numerical fields)
A21: AssetLiabilityManagement | B21: 202203 | C21: Non_traded_market_risk | D21: Organisationalunitlevel2 | E21: Mandatory | I21: 16203 | J21: This validates that the referenced field has been populated as it is mandatory. It does not check the validity of the data point.
A22: AssetLiabilityManagement | B22: 202203 | C22: Non_traded_market_risk | D22: Organisationalunitlevel2 | E22: Type | I22: 15954 | J22: For the field noted, the reported data point is in the expected format (e.g. no strings are expected in numerical fields)
A23: AssetLiabilityManagement | B23: 202203 | C23: Non_traded_market_risk | D23: Organisationalunitlevel3 | E23: Type | I23: 15955 | J23: For the field noted, the reported data point is in the expected format (e.g. no strings are expected in numerical fields)
A24: AssetLiabilityManagement | B24: 202203 | C24: Non_traded_market_risk | D24: ReferenceRate | E24: Enumeration | I24: 15959 | J24: This field must be populated using a valid option from the list in the STDF Dictionary for this field.
A25: AssetLiabilityManagement | B25: 202203 | C25: Non_traded_market_risk | D25: Referenceratetype | E25: Enumeration | I25: 15958 | J25: This field must be populated using a valid option from the list in the STDF Dictionary for this field.
A26: AssetLiabilityManagement | B26: 202203 | C26: Non_traded_market_risk | D26: Repricingperiod | E26: Enumeration | I26: 15962 | J26: This field must be populated using a valid option from the list in the STDF Dictionary for this field.
A27: AssetLiabilityManagement | B27: 202203 | C27: Non_traded_market_risk | D27: Repricingperiod | E27: Mandatory | I27: 16207 | J27: This validates that the referenced field has been populated as it is mandatory. It does not check the validity of the data point.
A28: Basis_of_preparation_index | B28: 202701 | C28: Actuals_index | E28: Unique | I28: 27341 | J28: Unique rules limits one or more field patterns to only occurring once
A29: Basis_of_preparation_index | B29: 202701 | C29: Actuals_index | D29: Basisofpreparationquestion | E29: Mandatory | I29: 19973 | J29: This validates that the referenced field has been populated as it is mandatory. It does not check the validity of the data point.
A30: Basis_of_preparation_index | B30: 202701 | C30: Actuals_index | D30: Basisofpreparationquestion | E30: Type | I30: 25456 | J30: For the field noted, the reported data point is in the expected format (e.g. no strings are expected in numerical fields)
A31: Basis_of_preparation_index | B31: 202701 | C31: Actuals_index | D31: Basisofpreparationquestionnumber | E31: Mandatory | I31: 24655 | J31: This validates that the referenced field has been populated as it is mandatory. It does not check the validity of the data point.
A32: Basis_of_preparation_index | B32: 202701 | C32: Actuals_index | D32: Basisofpreparationquestionnumber | E32: Type | I32: 24643 | J32: For the field noted, the reported data point is in the expected format (e.g. no strings are expected in numerical fields)
A33: Basis_of_preparation_index | B33: 202701 | C33: Actuals_index | D33: Basisofpreparationsection | E33: Mandatory | I33: 24654 | J33: This validates that the referenced field has been populated as it is mandatory. It does not check the validity of the data point.
A34: Basis_of_preparation_index | B34: 202701 | C34: Actuals_index | D34: Basisofpreparationsection | E34: Type | I34: 24642 | J34: For the field noted, the reported data point is in the expected format (e.g. no strings are expected in numerical fields)
A35: Basis_of_preparation_index | B35: 202701 | C35: Actuals_index | D35: Contentcode | E35: Mandatory | I35: 24653 | J35: This validates that the referenced field has been populated as it is mandatory. It does not check the validity of the data point.
A36: Basis_of_preparation_index | B36: 202701 | C36: Actuals_index | D36: Contentcode | E36: Type | I36: 24641 | J36: For the field noted, the reported data point is in the expected format (e.g. no strings are expected in numerical fields)
A37: Basis_of_preparation_index | B37: 202701 | C37: Actuals_index | D37: Datarequestname | E37: Mandatory | I37: 24652 | J37: This validates that the referenced field has been populated as it is mandatory. It does not check the validity of the data point.
A38: Basis_of_preparation_index | B38: 202701 | C38: Actuals_index | D38: Datarequestname | E38: Type | I38: 24640 | J38: For the field noted, the reported data point is in the expected format (e.g. no strings are expected in numerical fields)
A39: Basis_of_preparation_index | B39: 202701 | C39: Actuals_index | D39: Filename | E39: Type | I39: 19966 | J39: For the field noted, the reported data point is in the expected format (e.g. no strings are expected in numerical fields)
A40: Basis_of_preparation_index | B40: 202701 | C40: Actuals_index | D40: Firmcomment | E40: Type | I40: 19968 | J40: For the field noted, the reported data point is in the expected format (e.g. no strings are expected in numerical fields)
A41: Basis_of_preparation_index | B41: 202701 | C41: Actuals_index | D41: Pagenumber | E41: Range | F41: 0 | H41: Inclusive | I41: 23734 | J41: For the field noted, the data must be within the pre-defined submission range.
A42: Basis_of_preparation_index | B42: 202701 | C42: Actuals_index | D42: Pagenumber | E42: Type | I42: 19967 | J42: For the field noted, the reported data point is in the expected format (e.g. no strings are expected in numerical fields)
A43: Basis_of_preparation_index | B43: 202701 | C43: Actuals_index | D43: Zipfoldername | E43: Type | I43: 19979 | J43: For the field noted, the reported data point is in the expected format (e.g. no strings are expected in numerical fields)
A44: Basis_of_preparation_index | B44: 202701 | C44: Comments | D44: Comment | E44: Type | I44: 22075 | J44: For the field noted, the reported data point is in the expected format (e.g. no strings are expected in numerical fields)
A45: Basis_of_preparation_index | B45: 202701 | C45: Comments | D45: Commenttype | E45: Enumeration | I45: 22266 | J45: This field must be populated using a valid option from the list in the STDF Dictionary for this field.
A46: Basis_of_preparation_index | B46: 202701 | C46: Comments | D46: Context | E46: Enumeration | I46: 22265 | J46: This field must be populated using a valid option from the list in the STDF Dictionary for this field.
A47: Basis_of_preparation_index | B47: 202701 | C47: Comments | D47: RuleID | E47: Type | I47: 22074 | J47: For the field noted, the reported data point is in the expected format (e.g. no strings are expected in numerical fields)
A48: Basis_of_preparation_index | B48: 202701 | C48: Projections_index | E48: Unique | I48: 27132 | J48: Unique rules limits one or more field patterns to only occurring once
A49: Basis_of_preparation_index | B49: 202701 | C49: Projections_index | D49: Basisofpreparationquestion | E49: Mandatory | I49: 19976 | J49: This validates that the referenced field has been populated as it is mandatory. It does not check the validity of the data point.
A50: Basis_of_preparation_index | B50: 202701 | C50: Projections_index | D50: Basisofpreparationquestion | E50: Type | I50: 25457 | J50: For the field noted, the reported data point is in the expected format (e.g. no strings are expected in numerical fields)
A51: Basis_of_preparation_index | B51: 202701 | C51: Projections_index | D51: Basisofpreparationquestionnumber | E51: Mandatory | I51: 24661 | J51: This validates that the referenced field has been populated as it is mandatory. It does not check the validity of the data point.
A52: Basis_of_preparation_index | B52: 202701 | C52: Projections_index | D52: Basisofpreparationquestionnumber | E52: Type | I52: 24649 | J52: For the field noted, the reported data point is in the expected format (e.g. no strings are expected in numerical fields)
A53: Basis_of_preparation_index | B53: 202701 | C53: Projections_index | D53: Basisofpreparationsection | E53: Mandatory | I53: 24660 | J53: This validates that the referenced field has been populated as it is mandatory. It does not check the validity of the data point.
A54: Basis_of_preparation_index | B54: 202701 | C54: Projections_index | D54: Basisofpreparationsection | E54: Type | I54: 24648 | J54: For the field noted, the reported data point is in the expected format (e.g. no strings are expected in numerical fields)
A55: Basis_of_preparation_index | B55: 202701 | C55: Projections_index | D55: Contentcode | E55: Mandatory | I55: 24659 | J55: This validates that the referenced field has been populated as it is mandatory. It does not check the validity of the data point.
A56: Basis_of_preparation_index | B56: 202701 | C56: Projections_index | D56: Contentcode | E56: Type | I56: 24647 | J56: For the field noted, the reported data point is in the expected format (e.g. no strings are expected in numerical fields)
A57: Basis_of_preparation_index | B57: 202701 | C57: Projections_index | D57: Datarequestname | E57: Mandatory | I57: 24658 | J57: This validates that the referenced field has been populated as it is mandatory. It does not check the validity of the data point.
A58: Basis_of_preparation_index | B58: 202701 | C58: Projections_index | D58: Datarequestname | E58: Type | I58: 24646 | J58: For the field noted, the reported data point is in the expected format (e.g. no strings are expected in numerical fields)
A59: Basis_of_preparation_index | B59: 202701 | C59: Projections_index | D59: Filename | E59: Type | I59: 19970 | J59: For the field noted, the reported data point is in the expected format (e.g. no strings are expected in numerical fields)
A60: Basis_of_preparation_index | B60: 202701 | C60: Projections_index | D60: Firmcomment | E60: Type | I60: 19972 | J60: For the field noted, the reported data point is in the expected format (e.g. no strings are expected in numerical fields)
A61: Basis_of_preparation_index | B61: 202701 | C61: Projections_index | D61: Pagenumber | E61: Range | F61: 0 | H61: Inclusive | I61: 23735 | J61: For the field noted, the data must be within the pre-defined submission range.
A62: Basis_of_preparation_index | B62: 202701 | C62: Projections_index | D62: Pagenumber | E62: Type | I62: 19971 | J62: For the field noted, the reported data point is in the expected format (e.g. no strings are expected in numerical fields)
A63: Basis_of_preparation_index | B63: 202701 | C63: Projections_index | D63: Zipfoldername | E63: Type | I63: 19981 | J63: For the field noted, the reported data point is in the expected format (e.g. no strings are expected in numerical fields)
A64: Capital_projections | B64: 202701 | C64: Capital_evolution | E64: Pattern | I64: 27331 | J64: Pattern rules limit the domain#hierarchy (enumeration) choices depending upon prior domain#hierarchy (enumeration) choice
A65: Capital_projections | B65: 202701 | C65: Capital_evolution | E65: Unique | I65: 27396 | J65: Unique rules limits one or more field patterns to only occurring once
A66: Capital_projections | B66: 202701 | C66: Capital_evolution | D66: Balance | E66: Mandatory | I66: 19830 | J66: This validates that the referenced field has been populated as it is mandatory. It does not check the validity of the data point.
A67: Capital_projections | B67: 202701 | C67: Capital_evolution | D67: Balance | E67: Type | I67: 19769 | J67: For the field noted, the reported data point is in the expected format (e.g. no strings are expected in numerical fields)
A68: Capital_projections | B68: 202701 | C68: Capital_evolution | D68: Capitalevolutionitemlevel1 | E68: Enumeration | I68: 19764 | J68: This field must be populated using a valid option from the list in the STDF Dictionary for this field.
A69: Capital_projections | B69: 202701 | C69: Capital_evolution | D69: Capitalevolutionitemlevel1 | E69: Mandatory | I69: 19826 | J69: This validates that the referenced field has been populated as it is mandatory. It does not check the validity of the data point.
A70: Capital_projections | B70: 202701 | C70: Capital_evolution | D70: Capitalevolutionitemlevel2 | E70: Enumeration | I70: 19765 | J70: This field must be populated using a valid option from the list in the STDF Dictionary for this field.
A71: Capital_projections | B71: 202701 | C71: Capital_evolution | D71: Capitalevolutionitemlevel2 | E71: Mandatory | I71: 19827 | J71: This validates that the referenced field has been populated as it is mandatory. It does not check the validity of the data point.
A72: Capital_projections | B72: 202701 | C72: Capital_evolution | D72: Capitalevolutionitemlevel3 | E72: Enumeration | I72: 19766 | J72: This field must be populated using a valid option from the list in the STDF Dictionary for this field.
A73: Capital_projections | B73: 202701 | C73: Capital_evolution | D73: Projectionperiod | E73: Enumeration | I73: 19768 | J73: This field must be populated using a valid option from the list in the STDF Dictionary for this field.
A74: Capital_projections | B74: 202701 | C74: Capital_evolution | D74: Projectionperiod | E74: Mandatory | I74: 19829 | J74: This validates that the referenced field has been populated as it is mandatory. It does not check the validity of the data point.
A75: Capital_projections | B75: 202701 | C75: Capital_evolution | D75: Scenario | E75: Enumeration | I75: 19767 | J75: This field must be populated using a valid option from the list in the STDF Dictionary for this field.
A76: Capital_projections | B76: 202701 | C76: Capital_evolution | D76: Scenario | E76: Mandatory | I76: 19828 | J76: This validates that the referenced field has been populated as it is mandatory. It does not check the validity of the data point.
A77: Capital_projections | B77: 202701 | C77: Capital_requirements | E77: Pattern | I77: 27305 | J77: Pattern rules limit the domain#hierarchy (enumeration) choices depending upon prior domain#hierarchy (enumeration) choice
A78: Capital_projections | B78: 202701 | C78: Capital_requirements | E78: Unique | I78: 26900 | J78: Unique rules limits one or more field patterns to only occurring once
A79: Capital_projections | B79: 202701 | C79: Capital_requirements | D79: Capitalrequirementitemlevel1 | E79: Enumeration | I79: 10400 | J79: This field must be populated using a valid option from the list in the STDF Dictionary for this field.
A80: Capital_projections | B80: 202701 | C80: Capital_requirements | D80: Capitalrequirementitemlevel1 | E80: Mandatory | I80: 15124 | J80: This validates that the referenced field has been populated as it is mandatory. It does not check the validity of the data point.
A81: Capital_projections | B81: 202701 | C81: Capital_requirements | D81: Capitalrequirementitemlevel2 | E81: Enumeration | I81: 10401 | J81: This field must be populated using a valid option from the list in the STDF Dictionary for this field.
A82: Capital_projections | B82: 202701 | C82: Capital_requirements | D82: Othercapitalrequirementsitemdescription | E82: Type | I82: 24683 | J82: For the field noted, the reported data point is in the expected format (e.g. no strings are expected in numerical fields)
A83: Capital_projections | B83: 202701 | C83: Capital_requirements | D83: Projectionperiod | E83: Enumeration | I83: 10402 | J83: This field must be populated using a valid option from the list in the STDF Dictionary for this field.
A84: Capital_projections | B84: 202701 | C84: Capital_requirements | D84: Projectionperiod | E84: Mandatory | I84: 15125 | J84: This validates that the referenced field has been populated as it is mandatory. It does not check the validity of the data point.
A85: Capital_projections | B85: 202701 | C85: Capital_requirements | D85: RWA | E85: Mandatory | I85: 15126 | J85: This validates that the referenced field has been populated as it is mandatory. It does not check the validity of the data point.
A86: Capital_projections | B86: 202701 | C86: Capital_requirements | D86: RWA | E86: Range | F86: 0 | H86: Inclusive | I86: 12688 | J86: For the field noted, the data must be within the pre-defined submission range.
A87: Capital_projections | B87: 202701 | C87: Capital_requirements | D87: RWA | E87: Type | I87: 10546 | J87: For the field noted, the reported data point is in the expected format (e.g. no strings are expected in numerical fields)
A88: Capital_projections | B88: 202701 | C88: Capital_requirements | D88: Scenario | E88: Enumeration | I88: 10403 | J88: This field must be populated using a valid option from the list in the STDF Dictionary for this field.
A89: Capital_projections | B89: 202701 | C89: Capital_requirements | D89: Scenario | E89: Mandatory | I89: 15127 | J89: This validates that the referenced field has been populated as it is mandatory. It does not check the validity of the data point.
A90: Capital_projections | B90: 202701 | C90: Capital_requirements | D90: StandardisedRWA | E90: Mandatory | I90: 25580 | J90: This validates that the referenced field has been populated as it is mandatory. It does not check the validity of the data point.
A91: Capital_projections | B91: 202701 | C91: Capital_requirements | D91: StandardisedRWA | E91: Range | F91: 0 | H91: Inclusive | I91: 25830 | J91: For the field noted, the data must be within the pre-defined submission range.
A92: Capital_projections | B92: 202701 | C92: Capital_requirements | D92: StandardisedRWA | E92: Type | I92: 25458 | J92: For the field noted, the reported data point is in the expected format (e.g. no strings are expected in numerical fields)
A93: Capital_projections | B93: 202701 | C93: Capital_requirements | D93: StandardisedRWAaftertransitionfactorapplied | E93: Mandatory | I93: 25582 | J93: This validates that the referenced field has been populated as it is mandatory. It does not check the validity of the data point.
A94: Capital_projections | B94: 202701 | C94: Capital_requirements | D94: StandardisedRWAaftertransitionfactorapplied | E94: Range | F94: 0 | H94: Inclusive | I94: 25832 | J94: For the field noted, the data must be within the pre-defined submission range.
A95: Capital_projections | B95: 202701 | C95: Capital_requirements | D95: StandardisedRWAaftertransitionfactorapplied | E95: Type | I95: 25460 | J95: For the field noted, the reported data point is in the expected format (e.g. no strings are expected in numerical fields)
A96: Capital_projections | B96: 202701 | C96: Capital_requirements | D96: Transitionfactor | E96: Mandatory | I96: 25581 | J96: This validates that the referenced field has been populated as it is mandatory. It does not check the validity of the data point.
A97: Capital_projections | B97: 202701 | C97: Capital_requirements | D97: Transitionfactor | E97: Range | F97: 0 | H97: Inclusive | I97: 25831 | J97: For the field noted, the data must be within the pre-defined submission range.
A98: Capital_projections | B98: 202701 | C98: Capital_requirements | D98: Transitionfactor | E98: Type | I98: 25459 | J98: For the field noted, the reported data point is in the expected format (e.g. no strings are expected in numerical fields)
A99: Capital_projections | B99: 202701 | C99: Capital_resources | E99: Pattern | I99: 27319 | J99: Pattern rules limit the domain#hierarchy (enumeration) choices depending upon prior domain#hierarchy (enumeration) choice
A100: Capital_projections | B100: 202701 | C100: Capital_resources | E100: Unique | I100: 26903 | J100: Unique rules limits one or more field patterns to only occurring once
A101: Capital_projections | B101: 202701 | C101: Capital_resources | D101: Balance | E101: Mandatory | I101: 12279 | J101: This validates that the referenced field has been populated as it is mandatory. It does not check the validity of the data point.
...

Sheet Patterns
A1: Pattern
A3: Template_Name | B3: Version | C3: Tab_Name | D3: Name_or_Label_or_Header | F3: 1 | G3: 2 | H3: 3 | I3: 4 | J3: 5 | K3: 6 | L3: 7 | M3: 8 | N3: 9 | O3: 10 | P3: 11 | Q3: 12 | R3: 13 | S3: 14 | T3: 15 | U3: 16 | V3: 17 | W3: 18 | X3: 19 | Y3: 20 | Z3: 21 | AA3: 22 | AB3: 23 | AC3: 24 | AD3: 25 | AE3: 26 | AF3: 27 | AG3: 28 | AH3: 29 | AI3: 30 | AJ3: 31 | AK3: 32 | AL3: 33 | AM3: 34 | AN3: 35 | AO3: 36 | AP3: 37 | AQ3: 38 | AR3: 39 | AS3: 40 | AT3: 41 | AU3: 42 | AV3: 43 | AW3: 44 | AX3: 45 | AY3: 46 | AZ3: 47 | BA3: 48 | BB3: 49 | BC3: 50 | BD3: 51 | BE3: 52 | BF3: 53 | BG3: 54
A4: Fees_and_costs_projections | B4: 202701 | C4: Other_expense_details | D4: Header | E4: 1 | F4: Organisational unit level 1 | G4: Organisational unit level 2 | H4: Organisational unit level 3 | I4: Constant or dynamic currency | J4: Country of exposure | K4: Other expense item level 1 | L4: Other expense item level 2 | M4: Scenario | N4: Projection period | O4: Expense
A5: Fees_and_costs_projections | B5: 202701 | C5: Other_expense_details | D5: Name | E5: 2 | K5: Administrative expenses | L5: Insurance claims
A6: Fees_and_costs_projections | B6: 202701 | C6: Other_expense_details | D6: Name | E6: 3 | K6: Administrative expenses | L6: Branch related costs
A7: Fees_and_costs_projections | B7: 202701 | C7: Other_expense_details | D7: Name | E7: 4 | K7: Administrative expenses | L7: Marketing and advertising
A8: Fees_and_costs_projections | B8: 202701 | C8: Other_expense_details | D8: Name | E8: 5 | K8: Administrative expenses | L8: IT and infrastructure
A9: Fees_and_costs_projections | B9: 202701 | C9: Other_expense_details | D9: Name | E9: 6 | K9: Administrative expenses | L9: FSCS levy
A10: Fees_and_costs_projections | B10: 202701 | C10: Other_expense_details | D10: Name | E10: 7 | K10: Administrative expenses | L10: UK bank levy
A11: Fees_and_costs_projections | B11: 202701 | C11: Other_expense_details | D11: Name | E11: 8 | K11: Administrative expenses | L11: Other administrative expenses
A12: Fees_and_costs_projections | B12: 202701 | C12: Other_expense_details | D12: Name | E12: 9 | K12: Fee and commission expenses
A13: Fees_and_costs_projections | B13: 202701 | C13: Other_expense_details | D13: Name | E13: 10 | K13: Other operating expenses
A14: Fees_and_costs_projections | B14: 202701 | C14: Other_expense_details | D14: Name | E14: 11 | K14: Misconduct risk losses
A15: Fees_and_costs_projections | B15: 202701 | C15: Other_expense_details | D15: Name | E15: 12 | K15: Operational risk losses
A16: Fees_and_costs_projections | B16: 202701 | C16: Other_expense_details | D16: Name | E16: 13 | K16: Other staff expenses | L16: Salaries
A17: Fees_and_costs_projections | B17: 202701 | C17: Other_expense_details | D17: Name | E17: 14 | K17: Other staff expenses | L17: Other staff costs
A18: Fees_and_costs_projections | B18: 202701 | C18: Other_expense_details | D18: Name | E18: 15 | K18: Current year upfront cash awards
A19: Fees_and_costs_projections | B19: 202701 | C19: Other_expense_details | D19: Name | E19: 16 | K19: Current year upfront share awards
A20: Fees_and_costs_projections | B20: 202701 | C20: Other_expense_details | D20: Name | E20: 17 | K20: Previous years deferred cash awards
A21: Fees_and_costs_projections | B21: 202701 | C21: Other_expense_details | D21: Name | E21: 18 | K21: Previous years deferred share awards
A22: Fees_and_costs_projections | B22: 202701 | C22: Other_expense_details | D22: Name | E22: 18 | K22: Future years deferred cash awards
A23: Fees_and_costs_projections | B23: 202701 | C23: Other_expense_details | D23: Name | E23: 18 | K23: Future years deferred share awards
A24: Fees_and_costs_projections | B24: 202701 | C24: Other_expense_details | D24: Name | E24: 19 | K24: Pension contributions to defined benefit schemes
A25: Fees_and_costs_projections | B25: 202701 | C25: Other_expense_details | D25: Name | E25: 20 | K25: Pension contributions to defined contribution schemes
A26: Fees_and_costs_projections | B26: 202701 | C26: Other_expense_details | D26: Name | E26: 21 | K26: Depreciation
A27: Fees_and_costs_projections | B27: 202701 | C27: Other_expense_details | D27: Name | E27: 22 | K27: Goodwill
A28: Fees_and_costs_projections | B28: 202701 | C28: Other_expense_details | D28: Name | E28: 23 | K28: Other reoccuring exceptional items
A29: Fees_and_costs_projections | B29: 202701 | C29: Other_expense_details | D29: Name | E29: 24 | K29: Other one off exceptional items
A30: Capital_projections | B30: 202701 | C30: Profit_or_loss | D30: Header | E30: 1 | F30: Profit or loss item level 1 | G30: Profit or loss item level 2 | H30: Profit or loss item level 3 | I30: Scenario | J30: Projection period | K30: Carrying amount
A31: Capital_projections | B31: 202701 | C31: Profit_or_loss | D31: Name | E31: 2 | F31: Interest income | G31: Interest on banking activities
A32: Capital_projections | B32: 202701 | C32: Profit_or_loss | D32: Name | E32: 3 | F32: Interest expense | G32: Interest on banking activities
A33: Capital_projections | B33: 202701 | C33: Profit_or_loss | D33: Name | E33: 4 | F33: Net interest income | G33: Interest on banking activities
A34: Capital_projections | B34: 202701 | C34: Profit_or_loss | D34: Name | E34: 5 | F34: Interest income | G34: Other group interest income
A35: Capital_projections | B35: 202701 | C35: Profit_or_loss | D35: Name | E35: 6 | F35: Interest expense | G35: Other group interest expense
A36: Capital_projections | B36: 202701 | C36: Profit_or_loss | D36: Name | E36: 7 | F36: Net interest income | G36: Other group NII
A37: Capital_projections | B37: 202701 | C37: Profit_or_loss | D37: Name | E37: 8 | F37: Fee and commission income
A38: Capital_projections | B38: 202701 | C38: Profit_or_loss | D38: Name | E38: 9 | F38: Fee and commission expenses
A39: Capital_projections | B39: 202701 | C39: Profit_or_loss | D39: Name | E39: 10 | F39: Net fee and commission income
A40: Capital_projections | B40: 202701 | C40: Profit_or_loss | D40: Name | E40: 11 | F40: Net traded income (excluding traded risk losses)
A41: Capital_projections | B41: 202701 | C41: Profit_or_loss | D41: Name | E41: 12 | F41: Traded risk losses | G41: Trading book excluding Structured finance
A42: Capital_projections | B42: 202701 | C42: Profit_or_loss | D42: Name | E42: 13 | F42: Traded risk losses | G42: Counterparty credit risk losses
A43: Capital_projections | B43: 202701 | C43: Profit_or_loss | D43: Name | E43: 14 | F43: Traded risk losses | G43: Fair value banking book holding gains and losses
A44: Capital_projections | B44: 202701 | C44: Profit_or_loss | D44: Name | E44: 15 | F44: Traded risk losses | G44: Securitisation positions
A45: Capital_projections | B45: 202701 | C45: Profit_or_loss | D45: Name | E45: 16 | F45: Traded risk losses | G45: Covered bonds
A46: Capital_projections | B46: 202701 | C46: Profit_or_loss | D46: Name | E46: 17 | F46: Traded risk losses | G46: Hedge accounting
A47: Capital_projections | B47: 202701 | C47: Profit_or_loss | D47: Name | E47: 18 | F47: Traded risk losses | G47: XVA
A48: Capital_projections | B48: 202701 | C48: Profit_or_loss | D48: Name | E48: 19 | F48: Traded risk losses | G48: Other holding gains and losses
A49: Capital_projections | B49: 202701 | C49: Profit_or_loss | D49: Name | E49: 20 | F49: Other operating income
A50: Capital_projections | B50: 202701 | C50: Profit_or_loss | D50: Name | E50: 21 | F50: Operational expenses | G50: Administrative expenses
A51: Capital_projections | B51: 202701 | C51: Profit_or_loss | D51: Name | E51: 22 | F51: Operational expenses | G51: Staff expenses | H51: Other staff expenses
A52: Capital_projections | B52: 202701 | C52: Profit_or_loss | D52: Name | E52: 23 | F52: Operational expenses | G52: Staff expenses | H52: Performance based compensation
A53: Capital_projections | B53: 202701 | C53: Profit_or_loss | D53: Name | E53: 24 | F53: Operational expenses | G53: Pension contributions to defined benefit schemes
A54: Capital_projections | B54: 202701 | C54: Profit_or_loss | D54: Name | E54: 25 | F54: Operational expenses | G54: Pension contributions to defined contribution schemes
A55: Capital_projections | B55: 202701 | C55: Profit_or_loss | D55: Name | E55: 26 | F55: Operational expenses | G55: Depreciation
A56: Capital_projections | B56: 202701 | C56: Profit_or_loss | D56: Name | E56: 27 | F56: Operational expenses | G56: Goodwill
A57: Capital_projections | B57: 202701 | C57: Profit_or_loss | D57: Name | E57: 28 | F57: Operational expenses | G57: Other operating expenses
A58: Capital_projections | B58: 202701 | C58: Profit_or_loss | D58: Name | E58: 29 | F58: Exceptional items | G58: Operational risk losses | H58: Internal fraud
A59: Capital_projections | B59: 202701 | C59: Profit_or_loss | D59: Name | E59: 30 | F59: Exceptional items | G59: Operational risk losses | H59: External fraud
A60: Capital_projections | B60: 202701 | C60: Profit_or_loss | D60: Name | E60: 31 | F60: Exceptional items | G60: Operational risk losses | H60: Employment practices and workplace safety
A61: Capital_projections | B61: 202701 | C61: Profit_or_loss | D61: Name | E61: 32 | F61: Exceptional items | G61: Operational risk losses | H61: Clients, products & business practices
A62: Capital_projections | B62: 202701 | C62: Profit_or_loss | D62: Name | E62: 33 | F62: Exceptional items | G62: Operational risk losses | H62: Damage to physical assets
A63: Capital_projections | B63: 202701 | C63: Profit_or_loss | D63: Name | E63: 34 | F63: Exceptional items | G63: Operational risk losses | H63: Business disruption and system failures
A64: Capital_projections | B64: 202701 | C64: Profit_or_loss | D64: Name | E64: 35 | F64: Exceptional items | G64: Operational risk losses | H64: Execution, delivery & process management
A65: Capital_projections | B65: 202701 | C65: Profit_or_loss | D65: Name | E65: 36 | F65: Exceptional items | G65: Operational risk losses | H65: Other
A66: Capital_projections | B66: 202701 | C66: Profit_or_loss | D66: Name | E66: 37 | F66: Exceptional items | G66: Misconduct risk losses
A67: Capital_projections | B67: 202701 | C67: Profit_or_loss | D67: Name | E67: 38 | F67: Exceptional items | G67: Other reoccuring exceptional items
A68: Capital_projections | B68: 202701 | C68: Profit_or_loss | D68: Name | E68: 39 | F68: Exceptional items | G68: Other one off exceptional items
A69: Capital_projections | B69: 202701 | C69: Profit_or_loss | D69: Name | E69: 40 | F69: Dividends received
A70: Capital_projections | B70: 202701 | C70: Profit_or_loss | D70: Name | E70: 41 | F70: Impairments | G70: Corporate, sovereign and financial institution credit risk
A71: Capital_projections | B71: 202701 | C71: Profit_or_loss | D71: Name | E71: 42 | F71: Impairments | G71: Retail mortgage credit risk
A72: Capital_projections | B72: 202701 | C72: Profit_or_loss | D72: Name | E72: 43 | F72: Impairments | G72: Retail excl mortgage credit risk
A73: Capital_projections | B73: 202701 | C73: Profit_or_loss | D73: Name | E73: 44 | F73: Impairments | G73: Structured finance
A74: Capital_projections | B74: 202701 | C74: Profit_or_loss | D74: Name | E74: 45 | F74: Impairments | G74: Other impairments
A75: Capital_projections | B75: 202701 | C75: Profit_or_loss | D75: Name | E75: 46 | F75: Other profit or loss items not captured above
A76: Capital_projections | B76: 202701 | C76: Profit_or_loss | D76: Name | E76: 47 | F76: Profit or loss before tax
A77: Capital_projections | B77: 202701 | C77: Profit_or_loss | D77: Name | E77: 48 | F77: Tax | G77: Tax expense
A78: Capital_projections | B78: 202701 | C78: Profit_or_loss | D78: Name | E78: 49 | F78: Tax | G78: Bank corporation tax surcharge
A79: Capital_projections | B79: 202701 | C79: Profit_or_loss | D79: Name | E79: 50 | F79: Profit or loss after tax | G79: Attributable to minority interest [non-controlling interests]
A80: Capital_projections | B80: 202701 | C80: Profit_or_loss | D80: Name | E80: 51 | F80: Profit or loss after tax | G80: Attributable to owners of the parent
A81: Counterparty_credit_risk_losses_projections | B81: 202701 | C81: Counterparty_exposure_data | D81: Header | E81: 1 | F81: Counterparty legal entity name | G81: Counterparty legal entity identifier | H81: Geographic region | I81: Country of legal entity | J81: Counterparty credit risk sector | K81: Traded risk data classification | L81: External credit rating Standard and Poors | M81: External credit rating Fitch | N81: External credit rating Moodys | O81: External credit rating DBRS | P81: PD | Q81: LGD | R81: UCE for collateralised derivative netting sets | S81: UCE for uncollateralised derivative netting sets | T81: Total UCE for derivative netting sets | U81: CCE for SFT netting sets | V81: CCE for collateralised derivative netting sets | W81: CCE for uncollateralised derivative netting sets | X81: Total CCE | Y81: Classification of counterparty under stress scenario | Z81: Accounting CVA (pre-hedge) | AA81: Accounting CVA (post-hedge) | AB81: CCP default fund contribution | AC81: Peak PFE | AD81: Peak PFE tenor point | AE81: Default loss under stress | AF81: Net default loss | AG81: Collateral data level 1 | AH81: SFT assets posted | AI81: Derivative collateral posted | AJ81: Total collateral/assets posted | AK81: SFT assets received | AL81: Derivative collateral received | AM81: Total collateral/assets received | AN81: Initial margin requirement posted | AO81: Initial margin requirement received
A82: Counterparty_credit_risk_losses_projections | B82: 202701 | C82: Counterparty_exposure_data | D82: Name | E82: 2 | K82: Actuals | AG82: Total
A83: Counterparty_credit_risk_losses_projections | B83: 202701 | C83: Counterparty_exposure_data | D83: Name | E83: 3 | K83: Actuals | AG83: Total of which: GBP cash
A84: Counterparty_credit_risk_losses_projections | B84: 202701 | C84: Counterparty_exposure_data | D84: Name | E84: 4 | K84: Actuals | AG84: Total of which: USD cash
A85: Counterparty_credit_risk_losses_projections | B85: 202701 | C85: Counterparty_exposure_data | D85: Name | E85: 5 | K85: Actuals | AG85: Total of which: EUR cash
A86: Counterparty_credit_risk_losses_projections | B86: 202701 | C86: Counterparty_exposure_data | D86: Name | E86: 6 | K86: Actuals | AG86: Total of which: other cash
A87: Counterparty_credit_risk_losses_projections | B87: 202701 | C87: Counterparty_exposure_data | D87: Name | E87: 7 | K87: Actuals | AG87: Total of which: UK government debt
A88: Counterparty_credit_risk_losses_projections | B88: 202701 | C88: Counterparty_exposure_data | D88: Name | E88: 8 | K88: Actuals | AG88: Total of which: US government debt
A89: Counterparty_credit_risk_losses_projections | B89: 202701 | C89: Counterparty_exposure_data | D89: Name | E89: 9 | K89: Actuals | AG89: Total of which: Japan government debt
A90: Counterparty_credit_risk_losses_projections | B90: 202701 | C90: Counterparty_exposure_data | D90: Name | E90: 10 | K90: Actuals | AG90: Total of which: other G7 government and supranational debt
A91: Counterparty_credit_risk_losses_projections | B91: 202701 | C91: Counterparty_exposure_data | D91: Name | E91: 11 | K91: Actuals | AG91: Total of which: EM government debt
A92: Counterparty_credit_risk_losses_projections | B92: 202701 | C92: Counterparty_exposure_data | D92: Name | E92: 12 | K92: Actuals | AG92: Total of which: other government debt
A93: Counterparty_credit_risk_losses_projections | B93: 202701 | C93: Counterparty_exposure_data | D93: Name | E93: 13 | K93: Actuals | AG93: Total of which: corporate bond
... A109: Counterparty_credit_risk_losses_projections | B109: 202701 | C109: Counterparty_exposure_data | D109: Name | E109: 29 | K109: Traded risk stress scenario | AG109: Total of which: other assets
A110: Net_trading_income_excluding_losses_projections | B110: 202701 | C110: NTI_excluding_losses | D110: Header | E110: 1 | F110: IB classification | G110: Organisational unit level 1 | H110: Organisational unit level 2 | I110: Organisational unit level 3 | J110: Scenario | K110: Projection period | L110: Net trading income excluding losses
A111: Net_trading_income_excluding_losses_projections | B111: 202701 | C111: NTI_excluding_losses | D111: Name | E111: 2 | F111: IB
A112: Net_trading_income_excluding_losses_projections | B112: 202701 | C112: NTI_excluding_losses | D112: Name | E112: 3 | F112: Non-IB
A113: Other_fair_valued_items_projections | B113: 202701 | C113: Underwriting_pipeline | D113: Header | E113: 1 | F113: Pipeline | G113: Historical period month | H113: Deal name | I113: Counterparty name | J113: Country of security issuers | K113: Term of loan and debt securities | L113: Notional amount | M113: Counterparty rating | N113: Counterparty sector | O113: Credit risk CR100 | P113: Scenario loss/gain excluding hedging | Q113: Scenario loss/gain including hedging | R113: Flex fee or other loss reduction | S113: Loss/gain excluding hedging reported in ICAAP | T113: Loss/gain including hedging reported in ICAAP | U113: Comments on different between CST and ICAAP results
A114: Other_fair_valued_items_projections | B114: 202701 | C114: Underwriting_pipeline | D114: Name | E114: 2 | F114: Syndicated loans | G114: July | H114: Top 1 by notional
A115: Other_fair_valued_items_projections | B115: 202701 | C115: Underwriting_pipeline | D115: Name | E115: 3 | F115: Syndicated loans | G115: July | H115: Top 2 by notional
A116: Other_fair_valued_items_projections | B116: 202701 | C116: Underwriting_pipeline | D116: Name | E116: 4 | F116: Syndicated loans | G116: July | H116: Top 3 by notional
...

Sheet Reconciliations
A1: Reconciliations
A3: Unique ID | B3: Control type | C3: Qualified name | D3: Sign | E3: Template | F3: Worksheet | G3: Dimension | H3: Dimension value or description | I3: Field name | J3: High level reconciliation category | K3: Reconciliation assessment category
A4: 63005 | B4: Source | C4: I7048 | D4: 1 | E4: Stressed_PVA_projections | F4: Totals | G4: Scenario;Projectionperiod | H4: Base;Year 0 | I4: TotalAVA | J4: Totals vs Capital_resources Yr 0-5 | K4: Other (5bps CET1)
A5: 63005 | B5: Target | C5: I6048 | D5: 1 | E5: Capital_projections | F5: Capital_resources | G5: Capitalresourceitemlevel1;Capitalresourceitemlevel2;Scenario;Projectionperiod | H5: Adjustments to CET1 due to prudential filters;(-) Value adjustments due to the requirements for prudent valuation;Base;Year 0 | I5: Balance | J5: Totals vs Capital_resources Yr 0-5 | K5: Other (5bps CET1)
A6: 63006 | B6: Source | C6: I7050 | D6: 1 | E6: Stressed_PVA_projections | F6: Totals | G6: Scenario;Projectionperiod | H6: Base;Year 1 | I6: TotalAVA | J6: Totals vs Capital_resources Yr 0-5 | K6: Other (5bps CET1)
A7: 63006 | B7: Target | C7: I6068 | D7: 1 | E7: Capital_projections | F7: Capital_resources | G7: Capitalresourceitemlevel1;Capitalresourceitemlevel2;Scenario;Projectionperiod | H7: Adjustments to CET1 due to prudential filters;(-) Value adjustments due to the requirements for prudent valuation;Base;Year 1 | I7: Balance | J7: Totals vs Capital_resources Yr 0-5 | K7: Other (5bps CET1)
A8: 63007 | B8: Source | C8: I7052 | D8: 1 | E8: Stressed_PVA_projections | F8: Totals | G8: Scenario;Projectionperiod | H8: Base;Year 2 | I8: TotalAVA | J8: Totals vs Capital_resources Yr 0-5 | K8: Other (5bps CET1)
A9: 63007 | B9: Target | C9: I6094 | D9: 1 | E9: Capital_projections | F9: Capital_resources | G9: Capitalresourceitemlevel1;Capitalresourceitemlevel2;Scenario;Projectionperiod | H9: Adjustments to CET1 due to prudential filters;(-) Value adjustments due to the requirements for prudent valuation;Base;Year 2 | I9: Balance | J9: Totals vs Capital_resources Yr 0-5 | K9: Other (5bps CET1)
A10: 63008 | B10: Source | C10: I7054 | D10: 1 | E10: Stressed_PVA_projections | F10: Totals | G10: Scenario;Projectionperiod | H10: Base;Year 3 | I10: TotalAVA | J10: Totals vs Capital_resources Yr 0-5 | K10: Other (5bps CET1)
A11: 63008 | B11: Target | C11: I6120 | D11: 1 | E11: Capital_projections | F11: Capital_resources | G11: Capitalresourceitemlevel1;Capitalresourceitemlevel2;Scenario;Projectionperiod | H11: Adjustments to CET1 due to prudential filters;(-) Value adjustments due to the requirements for prudent valuation;Base;Year 3 | I11: Balance | J11: Totals vs Capital_resources Yr 0-5 | K11: Other (5bps CET1)
A12: 63009 | B12: Source | C12: I7056 | D12: 1 | E12: Stressed_PVA_projections | F12: Totals | G12: Scenario;Projectionperiod | H12: Base;Year 4 | I12: TotalAVA | J12: Totals vs Capital_resources Yr 0-5 | K12: Other (5bps CET1)
A13: 63009 | B13: Target | C13: I6146 | D13: 1 | E13: Capital_projections | F13: Capital_resources | G13: Capitalresourceitemlevel1;Capitalresourceitemlevel2;Scenario;Projectionperiod | H13: Adjustments to CET1 due to prudential filters;(-) Value adjustments due to the requirements for prudent valuation;Base;Year 4 | I13: Balance | J13: Totals vs Capital_resources Yr 0-5 | K13: Other (5bps CET1)
A14: 63010 | B14: Source | C14: I7058 | D14: 1 | E14: Stressed_PVA_projections | F14: Totals | G14: Scenario;Projectionperiod | H14: Base;Year 5 | I14: TotalAVA | J14: Totals vs Capital_resources Yr 0-5 | K14: Other (5bps CET1)
A15: 63010 | B15: Target | C15: I6172 | D15: 1 | E15: Capital_projections | F15: Capital_resources | G15: Capitalresourceitemlevel1;Capitalresourceitemlevel2;Scenario;Projectionperiod | H15: Adjustments to CET1 due to prudential filters;(-) Value adjustments due to the requirements for prudent valuation;Base;Year 5 | I15: Balance | J15: Totals vs Capital_resources Yr 0-5 | K15: Other (5bps CET1)
... A688: 74284 | B688: Source | C688: I30182 | D688: 1 | E688: Stressed_XVA_projections | F688: XVA | G688: XVAlevel1 | H688: XVA - CVA | I688: Year1change | J688: XVA vs CVA_breakdown | K688: Other (5bps CET1)
A689: 74284 | B689: Target | C689: I30197 | D689: -1 | E689: Stressed_XVA_projections | F689: CVA_breakdown | G689: 0 | H689: 0 | I689: Gainorlosstotal | J689: XVA vs CVA_breakdown | K689: Other (5bps CET1)
A690: 74285 | B690: Source | C690: I30198 | D690: 1 | E690: Stressed_XVA_projections | F690: XVA | G690: XVAlevel1 | H690: XVA - FVA | I690: Year1change | J690: Intra XVA | K690: Other (5bps CET1)
A691: 74285 | B691: Target | C691: I30199 | D691: -1 | E691: Stressed_XVA_projections | F691: XVA | G691: XVAlevel1 | H691: XVA - FVA | I691: Year1explainapproach1Ratesexcinflation | J691: Intra XVA | K691: Other (5bps CET1)
A692: 74285 | B692: Target | C692: I30200 | D692: -1 | E692: Stressed_XVA_projections | F692: XVA | G692: XVAlevel1 | H692: XVA - FVA | I692: Year1explainapproach1Inflation | J692: Intra XVA | K692: Other (5bps CET1)
A693: 74285 | B693: Target | C693: I30201 | D693: -1 | E693: Stressed_XVA_projections | F693: XVA | G693: XVAlevel1 | H693: XVA - FVA | I693: Year1explainapproach1Owncreditfundingspread | J693: Intra XVA | K693: Other (5bps CET1)
A694: 74285 | B694: Target | C694: I30202 | D694: -1 | E694: Stressed_XVA_projections | F694: XVA | G694: XVAlevel1 | H694: XVA - FVA | I694: Year1explainapproach1Othercreditspread | J694: Intra XVA | K694: Other (5bps CET1)
A695: 74285 | B695: Target | C695: I30203 | D695: -1 | E695: Stressed_XVA_projections | F695: XVA | G695: XVAlevel1 | H695: XVA - FVA | I695: Year1explainapproach1FX | J695: Intra XVA | K695: Other (5bps CET1)
A696: 74285 | B696: Target | C696: I30204 | D696: -1 | E696: Stressed_XVA_projections | F696: XVA | G696: XVAlevel1 | H696: XVA - FVA | I696: Year1explainapproach1Equities | J696: Intra XVA | K696: Other (5bps CET1)
A697: 74285 | B697: Target | C697: I30205 | D697: -1 | E697: Stressed_XVA_projections | F697: XVA | G697: XVAlevel1 | H697: XVA - FVA | I697: Year1explainapproach1Commodities | J697: Intra XVA | K697: Other (5bps CET1)
A698: 74285 | B698: Target | C698: I30206 | D698: -1 | E698: Stressed_XVA_projections | F698: XVA | G698: XVAlevel1 | H698: XVA - FVA | I698: Year1explainapproach1Other | J698: Intra XVA | K698: Other (5bps CET1)
A699: 74286 | B699: Source | C699: I30198 | D699: 1 | E699: Stressed_XVA_projections | F699: XVA | G699: XVAlevel1 | H699: XVA - FVA | I699: Year1change | J699: Intra XVA | K699: Other (5bps CET1)
A700: 74286 | B700: Target | C700: I30207 | D700: -1 | E700: Stressed_XVA_projections | F700: XVA | G700: XVAlevel1 | H700: XVA - FVA | I700: Year1explainapproach2Ratesexcinflation | J700: Intra XVA | K700: Other (5bps CET1)
A701: 74286 | B701: Target | C701: I30208 | D701: -1 | E701: Stressed_XVA_projections | F701: XVA | G701: XVAlevel1 | H701: XVA - FVA | I701: Year1explainapproach2Inflation | J701: Intra XVA | K701: Other (5bps CET1)
... A1208: 74416 | B1208: Source | C1208: I30660 | D1208: 1 | E1208: Market_risk_stressed_profit_or_loss_projections | F1208: Totals | G1208: Marketriskassetclass | H1208: Issuer default | I1208: Scenariostresslossorgaintotal | J1208: Totals vs Issuer_default | K1208: Other (5bps CET1)
A1209: 74416 | B1209: Target | C1209: I30676 | D1209: -1 | E1209: Market_risk_stressed_profit_or_loss_projections | F1209: Issuer_default | G1209: 0 | H1209: 0 | I1209: Scenariolossorgain | J1209: Totals vs Issuer_default | K1209: Other (5bps CET1)
A1210: 75354 | B1210: Source | C1210: I37022 | D1210: 1 | E1210: Counterparty_credit_risk_losses_projections | F1210: Aggregate_data | G1210: Aggregationbucket;Tradedriskdataclassification;Collateraldatalevel1 | H1210: Overall portfolio;Actuals;Total | I1210: UCEforcollateralisedderivativenettingsets | J1210: Intra Aggregate_data | K1210: Other (5bps CET1)
A1211: 75354 | B1211: Source | C1211: I37036 | D1211: 1 | E1211: Counterparty_credit_risk_losses_projections | F1211: Aggregate_data | G1211: Aggregationbucket;Tradedriskdataclassification;Collateraldatalevel1 | H1211: Overall portfolio;Actuals;Total | I1211: UCEforuncollateralisedderivativenettingsets | J1211: Intra Aggregate_data | K1211: Other (5bps CET1)
A1212: 75354 | B1212: Target | C1212: I37050 | D1212: -1 | E1212: Counterparty_credit_risk_losses_projections | F1212: Aggregate_data | G1212: Aggregationbucket;Tradedriskdataclassification;Collateraldatalevel1 | H1212: Overall portfolio;Actuals;Total | I1212: TotalUCEforderivativenettingsets | J1212: Intra Aggregate_data | K1212: Other (5bps CET1)
A1213: 75355 | B1213: Source | C1213: I37023 | D1213: 1 | E1213: Counterparty_credit_risk_losses_projections | F1213: Aggregate_data | G1213: Aggregationbucket;Tradedriskdataclassification;Collateraldatalevel1 | H1213: Bucket 1;Actuals;Total | I1213: UCEforcollateralisedderivativenettingsets | J1213: Intra Aggregate_data | K1213: Other (5bps CET1)
A1214: 75355 | B1214: Source | C1214: I37037 | D1214: 1 | E1214: Counterparty_credit_risk_losses_projections | F1214: Aggregate_data | G1214: Aggregationbucket;Tradedriskdataclassification;Collateraldatalevel1 | H1214: Bucket 1;Actuals;Total | I1214: UCEforuncollateralisedderivativenettingsets | J1214: Intra Aggregate_data | K1214: Other (5bps CET1)
A1215: 75355 | B1215: Target | C1215: I37051 | D1215: -1 | E1215: Counterparty_credit_risk_losses_projections | F1215: Aggregate_data | G1215: Aggregationbucket;Tradedriskdataclassification;Collateraldatalevel1 | H1215: Bucket 1;Actuals;Total | I1215: TotalUCEforderivativenettingsets | J1215: Intra Aggregate_data | K1215: Other (5bps CET1)
A1216: 75356 | B1216: Source | C1216: I37024 | D1216: 1 | E1216: Counterparty_credit_risk_losses_projections | F1216: Aggregate_data | G1216: Aggregationbucket;Tradedriskdataclassification;Collateraldatalevel1 | H1216: Bucket 2;Actuals;Total | I1216: UCEforcollateralisedderivativenettingsets | J1216: Intra Aggregate_data | K1216: Other (5bps CET1)
A1217: 75356 | B1217: Source | C1217: I37038 | D1217: 1 | E1217: Counterparty_credit_risk_losses_projections | F1217: Aggregate_data | G1217: Aggregationbucket;Tradedriskdataclassification;Collateraldatalevel1 | H1217: Bucket 2;Actuals;Total | I1217: UCEforuncollateralisedderivativenettingsets | J1217: Intra Aggregate_data | K1217: Other (5bps CET1)
A1218: 75356 | B1218: Target | C1218: I37052 | D1218: -1 | E1218: Counterparty_credit_risk_losses_projections | F1218: Aggregate_data | G1218: Aggregationbucket;Tradedriskdataclassification;Collateraldatalevel1 | H1218: Bucket 2;Actuals;Total | I1218: TotalUCEforderivativenettingsets | J1218: Intra Aggregate_data | K1218: Other (5bps CET1)
A1219: 75357 | B1219: Source | C1219: I37025 | D1219: 1 | E1219: Counterparty_credit_risk_losses_projections | F1219: Aggregate_data | G1219: Aggregationbucket;Tradedriskdataclassification;Collateraldatalevel1 | H1219: Bucket 3;Actuals;Total | I1219: UCEforcollateralisedderivativenettingsets | J1219: Intra Aggregate_data | K1219: Other (5bps CET1)
A1220: 75357 | B1220: Source | C1220: I37039 | D1220: 1 | E1220: Counterparty_credit_risk_losses_projections | F1220: Aggregate_data | G1220: Aggregationbucket;Tradedriskdataclassification;Collateraldatalevel1 | H1220: Bucket 3;Actuals;Total | I1220: UCEforuncollateralisedderivativenettingsets | J1220: Intra Aggregate_data | K1220: Other (5bps CET1)
A1221: 75357 | B1221: Target | C1221: I37053 | D1221: -1 | E1221: Counterparty_credit_risk_losses_projections | F1221: Aggregate_data | G1221: Aggregationbucket;Tradedriskdataclassification;Collateraldatalevel1 | H1221: Bucket 3;Actuals;Total | I1221: TotalUCEforderivativenettingsets | J1221: Intra Aggregate_data | K1221: Other (5bps CET1)
... A4140: 60055 | B4140: Source | C4140: I1074 | D4140: 1 | E4140: Credit_risk_projections | F4140: Risk_measures_by_portfolio | G4140: Creditrisktype;Scenario;Projectionperiod | H4140: Retail mortgage credit risk;Stress;Year 0 | I4140: RWA | J4140: Risk_measures_by_portfolio Yr 0 vs Retail Mortgage RWA | K4140: Other (5bps CET1)
A4141: 60055 | B4141: Target | C4141: I1102 | D4141: -1 | E4141: Retail_mortgage_credit_risk_actuals | F4141: RWA | I4141: RWA | J4141: Risk_measures_by_portfolio Yr 0 vs Retail Mortgage RWA | K4141: Other (5bps CET1)
A4142: 60056 | B4142: Source | C4142: I1076 | D4142: 1 | E4142: Credit_risk_projections | F4142: Risk_measures_by_portfolio | G4142: Creditrisktype;Scenario;Projectionperiod | H4142: Retail excl mortgage credit risk;Stress;Year 0 | I4142: RWA | J4142: Risk_measures_by_portfolio Yr 0 vs Retail Excluding Mortgage RWA | K4142: Other (5bps CET1)
A4143: 60056 | B4143: Target | C4143: I1103 | D4143: -1 | E4143: Retail_excluding_mortgage_credit_risk_actuals | F4143: RWA | I4143: RWA | J4143: Risk_measures_by_portfolio Yr 0 vs Retail Excluding Mortgage RWA | K4143: Other (5bps CET1)
A4144: 60057 | B4144: Source | C4144: I1078 | D4144: 1 | E4144: Credit_risk_projections | F4144: Risk_measures_by_portfolio | G4144: Creditrisktype;Scenario;Projectionperiod | H4144: Corporate, sovereign and financial institution credit risk;Stress;Year 0 | I4144: RWA | J4144: Risk_measures_by_portfolio Yr 0 vs Corporate, Sovereign and Financial Institutions Risk_measures | K4144: Other (5bps CET1)
A4145: 60057 | B4145: Target | C4145: I1104 | D4145: -1 | E4145: Corporate_sovereign_and_financial_institution_credit_risk_actuals | F4145: Risk_measures | I4145: RWA | J4145: Risk_measures_by_portfolio Yr 0 vs Corporate, Sovereign and Financial Institutions Risk_measures | K4145: Other (5bps CET1)
A4146: 60082 | B4146: Source | C4146: I5395 | D4146: 1 | E4146: Credit_risk_projections | F4146: Risk_measures_by_portfolio | G4146: Creditrisktype;Baselapproach;Scenario;Projectionperiod | H4146: Retail mortgage credit risk;Retail IRB;Stress;Year 0 | I4146: RWA | J4146: Risk_measures_by_portfolio Yr 0 vs Retail Mortgage RWA | K4146: Other (5bps CET1)
A4147: 60082 | B4147: Target | C4147: I1130 | D4147: -1 | E4147: Retail_mortgage_credit_risk_actuals | F4147: RWA | G4147: Baselapproach | H4147: Retail IRB | I4147: RWA | J4147: Risk_measures_by_portfolio Yr 0 vs Retail Mortgage RWA | K4147: Other (5bps CET1)
A4148: 60083 | B4148: Source | C4148: I5392 | D4148: 1 | E4148: Credit_risk_projections | F4148: Risk_measures_by_portfolio | G4148: Creditrisktype;Baselapproach;Scenario;Projectionperiod | H4148: Retail mortgage credit risk;F-IRB;Stress;Year 0 | I4148: RWA | J4148: Risk_measures_by_portfolio Yr 0 vs Retail Mortgage RWA | K4148: Other (5bps CET1)
A4149: 60083 | B4149: Target | C4149: I1132 | D4149: -1 | E4149: Retail_mortgage_credit_risk_actuals | F4149: RWA | G4149: Baselapproach | H4149: F-IRB | I4149: RWA | J4149: Risk_measures_by_portfolio Yr 0 vs Retail Mortgage RWA | K4149: Other (5bps CET1)
A4150: 60084 | B4150: Source | C4150: I5390 | D4150: 1 | E4150: Credit_risk_projections | F4150: Risk_measures_by_portfolio | G4150: Creditrisktype;Baselapproach;Scenario;Projectionperiod | H4150: Retail mortgage credit risk;A-IRB;Stress;Year 0 | I4150: RWA | J4150: Risk_measures_by_portfolio Yr 0 vs Retail Mortgage RWA | K4150: Other (5bps CET1)
A4151: 60084 | B4151: Target | C4151: I1134 | D4151: -1 | E4151: Retail_mortgage_credit_risk_actuals | F4151: RWA | G4151: Baselapproach | H4151: A-IRB | I4151: RWA | J4151: Risk_measures_by_portfolio Yr 0 vs Retail Mortgage RWA | K4151: Other (5bps CET1)
A4152: 60085 | B4152: Source | C4152: I5393 | D4152: 1 | E4152: Credit_risk_projections | F4152: Risk_measures_by_portfolio | G4152: Creditrisktype;Baselapproach;Scenario;Projectionperiod | H4152: Retail mortgage credit risk;IRB slotting;Stress;Year 0 | I4152: RWA | J4152: Risk_measures_by_portfolio Yr 0 vs Retail Mortgage RWA | K4152: Other (5bps CET1)
A4153: 60085 | B4153: Target | C4153: I1136 | D4153: -1 | E4153: Retail_mortgage_credit_risk_actuals | F4153: RWA | G4153: Baselapproach | H4153: IRB slotting | I4153: RWA | J4153: Risk_measures_by_portfolio Yr 0 vs Retail Mortgage RWA | K4153: Other (5bps CET1)
A4154: 60086 | B4154: Source | C4154: I5396 | D4154: 1 | E4154: Credit_risk_projections | F4154: Risk_measures_by_portfolio | G4154: Creditrisktype;Baselapproach;Scenario;Projectionperiod | H4154: Retail mortgage credit risk;Standardised;Stress;Year 0 | I4154: RWA | J4154: Risk_measures_by_portfolio Yr 0 vs Retail Mortgage RWA | K4154: Other (5bps CET1)
A4155: 60086 | B4155: Target | C4155: I1138 | D4155: -1 | E4155: Retail_mortgage_credit_risk_actuals | F4155: RWA | G4155: Baselapproach | H4155: Standardised | I4155: RWA | J4155: Risk_measures_by_portfolio Yr 0 vs Retail Mortgage RWA | K4155: Other (5bps CET1)
A4156: 60087 | B4156: Source | C4156: I5368 | D4156: 1 | E4156: Credit_risk_projections | F4156: Risk_measures_by_portfolio | G4156: Creditrisktype;Baselapproach;Scenario;Projectionperiod | H4156: Retail excl mortgage credit risk;Retail IRB;Stress;Year 0 | I4156: RWA | J4156: Risk_measures_by_portfolio Yr 0 vs Retail Excluding Mortgage RWA | K4156: Other (5bps CET1)
A4157: 60087 | B4157: Target | C4157: I1140 | D4157: -1 | E4157: Retail_excluding_mortgage_credit_risk_actuals | F4157: RWA | G4157: Baselapproach | H4157: Retail IRB | I4157: RWA | J4157: Risk_measures_by_portfolio Yr 0 vs Retail Excluding Mortgage RWA | K4157: Other (5bps CET1)
... A4272: 60259 | B4272: Source | C4272: I1497 | D4272: 1 | E4272: Structured_finance_projections | F4272: Structured_finance | G4272: Structuredfinanceassetclass;Scenario;Projectionperiod | H4272: Securitisation positions;Stress;Year 0 | I4272: RWA | J4272: Structured_finance Yr 0 vs Structured Finance actuals | K4272: Other (5bps CET1)
A4273: 60259 | B4273: Target | C4273: I1572 | D4273: -1 | E4273: Structured_finance_actuals | F4273: Securitisation_positions | I4273: RWAHeld | J4273: Structured_finance Yr 0 vs Structured Finance actuals | K4273: Other (5bps CET1)
A4274: 60260 | B4274: Source | C4274: I1513 | D4274: 1 | E4274: Structured_finance_projections | F4274: Structured_finance | G4274: Structuredfinanceassetclass;Scenario;Projectionperiod | H4274: Covered bonds;Stress;Year 0 | I4274: RWA | J4274: Structured_finance Yr 0 vs Structured Finance actuals | K4274: Other (5bps CET1)
A4275: 60260 | B4275: Target | C4275: I1573 | D4275: -1 | E4275: Structured_finance_actuals | F4275: Covered_bonds | I4275: RWA | J4275: Structured_finance Yr 0 vs Structured Finance actuals | K4275: Other (5bps CET1)
A4276: 60261 | B4276: Source | C4276: I1537 | D4276: 1 | E4276: Structured_finance_projections | F4276: Structured_finance | G4276: Structuredfinanceassetclass;Scenario;Projectionperiod | H4276: Securitisation positions;Stress;Year 0 | I4276: OCIreservebalance | J4276: Structured_finance Yr 0 vs Structured Finance actuals | K4276: Other (5bps CET1)
A4277: 60261 | B4277: Target | C4277: I1574 | D4277: -1 | E4277: Structured_finance_actuals | F4277: Securitisation_positions | I4277: OCIreservebalance | J4277: Structured_finance Yr 0 vs Structured Finance actuals | K4277: Other (5bps CET1)
A4278: 60262 | B4278: Source | C4278: I1563 | D4278: 1 | E4278: Structured_finance_projections | F4278: Structured_finance | G4278: Structuredfinanceassetclass;Scenario;Projectionperiod | H4278: Covered bonds;Stress;Year 0 | I4278: OCIreservebalance | J4278: Structured_finance Yr 0 vs Structured Finance actuals | K4278: Other (5bps CET1)
A4279: 60262 | B4279: Target | C4279: I1575 | D4279: -1 | E4279: Structured_finance_actuals | F4279: Covered_bonds | I4279: OCIreservebalance | J4279: Structured_finance Yr 0 vs Structured Finance actuals | K4279: Other (5bps CET1)
A4280: 60263 | B4280: Source | C4280: I5402 | D4280: 1 | E4280: Structured_finance_projections | F4280: Structured_finance | G4280: Structuredfinanceassetclass;Scenario;Projectionperiod | H4280: Securitisation positions;Stress;Year 0 | I4280: RegulatoryCarryValue | J4280: Structured_finance Yr 0 vs Structured Finance actuals | K4280: Other (5bps CET1)
A4281: 60263 | B4281: Target | C4281: I1577 | D4281: -1 | E4281: Structured_finance_actuals | F4281: Securitisation_positions | I4281: RegulatoryCarryValue | J4281: Structured_finance Yr 0 vs Structured Finance actuals | K4281: Other (5bps CET1)
A4282: 60264 | B4282: Source | C4282: I5245 | D4282: 1 | E4282: Structured_finance_projections | F4282: Structured_finance | G4282: Structuredfinanceassetclass;Scenario;Projectionperiod | H4282: Covered bonds;Stress;Year 0 | I4282: RegulatoryCarryValue | J4282: Structured_finance Yr 0 vs Structured Finance actuals | K4282: Other (5bps CET1)
A4283: 60264 | B4283: Target | C4283: I1579 | D4283: -1 | E4283: Structured_finance_actuals | F4283: Covered_bonds | I4283: RegulatoryCarryValue | J4283: Structured_finance Yr 0 vs Structured Finance actuals | K4283: Other (5bps CET1)
A4284: 60272 | B4284: Source | C4284: I40774 | D4284: 1 | E4284: Capital_projections | F4284: Profit_or_loss | G4284: Profitorlossitemlevel1;Scenario;Projectionperiod | H4284: Fee and commission income;Base;Year 0 | I4284: CarryingAmount | J4284: Other_income_details vs Profit_or_loss Yr 0-5 | K4284: Other (5bps CET1)
A4285: 60272 | B4285: Target | C4285: I1595 | D4285: -1 | E4285: Fees_and_costs_projections | F4285: Other_income_details | G4285: Constantordynamiccurrency;Otherincomeitemlevel1;Scenario;Projectionperiod | H4285: Dynamic currency;Fee and commission income;Base;Year 0 | I4285: Income | J4285: Other_income_details vs Profit_or_loss Yr 0-5 | K4285: Other (5bps CET1)
A4286: 60273 | B4286: Source | C4286: I40802 | D4286: 1 | E4286: Capital_projections | F4286: Profit_or_loss | G4286: Profitorlossitemlevel1;Scenario;Projectionperiod | H4286: Fee and commission income;Base;Year 1 | I4286: CarryingAmount | J4286: Other_income_details vs Profit_or_loss Yr 0-5 | K4286: Other (5bps CET1)
A4287: 60273 | B4287: Target | C4287: I1597 | D4287: -1 | E4287: Fees_and_costs_projections | F4287: Other_income_details | G4287: Constantordynamiccurrency;Otherincomeitemlevel1;Scenario;Projectionperiod | H4287: Dynamic currency;Fee and commission income;Base;Year 1 | I4287: Income | J4287: Other_income_details vs Profit_or_loss Yr 0-5 | K4287: Other (5bps CET1)
A4288: 60274 | B4288: Source | C4288: I40828 | D4288: 1 | E4288: Capital_projections | F4288: Profit_or_loss | G4288: Profitorlossitemlevel1;Scenario;Projectionperiod | H4288: Fee and commission income;Base;Year 2 | I4288: CarryingAmount | J4288: Other_income_details vs Profit_or_loss Yr 0-5 | K4288: Other (5bps CET1)
A4289: 60274 | B4289: Target | C4289: I1599 | D4289: -1 | E4289: Fees_and_costs_projections | F4289: Other_income_details | G4289: Constantordynamiccurrency;Otherincomeitemlevel1;Scenario;Projectionperiod | H4289: Dynamic currency;Fee and commission income;Base;Year 2 | I4289: Income | J4289: Other_income_details vs Profit_or_loss Yr 0-5 | K4289: Other (5bps CET1)
A4290: 60275 | B4290: Source | C4290: I40854 | D4290: 1 | E4290: Capital_projections | F4290: Profit_or_loss | G4290: Profitorlossitemlevel1;Scenario;Projectionperiod | H4290: Fee and commission income;Base;Year 3 | I4290: CarryingAmount | J4290: Other_income_details vs Profit_or_loss Yr 0-5 | K4290: Other (5bps CET1)
A4291: 60275 | B4291: Target | C4291: I1601 | D4291: -1 | E4291: Fees_and_costs_projections | F4291: Other_income_details | G4291: Constantordynamiccurrency;Otherincomeitemlevel1;Scenario;Projectionperiod | H4291: Dynamic currency;Fee and commission income;Base;Year 3 | I4291: Income | J4291: Other_income_details vs Profit_or_loss Yr 0-5 | K4291: Other (5bps CET1)
A4292: 60276 | B4292: Source | C4292: I40815 | D4292: 1 | E4292: Capital_projections | F4292: Profit_or_loss | G4292: Profitorlossitemlevel1;Scenario;Projectionperiod | H4292: Fee and commission income;Stress;Year 1 | I4292: CarryingAmount | J4292: Other_income_details vs Profit_or_loss Yr 0-5 | K4292: Other (5bps CET1)
A4293: 60276 | B4293: Target | C4293: I1603 | D4293: -1 | E4293: Fees_and_costs_projections | F4293: Other_income_details | G4293: Constantordynamiccurrency;Otherincomeitemlevel1;Scenario;Projectionperiod | H4293: Dynamic currency;Fee and commission income;Stress;Year 1 | I4293: Income | J4293: Other_income_details vs Profit_or_loss Yr 0-5 | K4293: Other (5bps CET1)
A4294: 60277 | B4294: Source | C4294: I40841 | D4294: 1 | E4294: Capital_projections | F4294: Profit_or_loss | G4294: Profitorlossitemlevel1;Scenario;Projectionperiod | H4294: Fee and commission income;Stress;Year 2 | I4294: CarryingAmount | J4294: Other_income_details vs Profit_or_loss Yr 0-5 | K4294: Other (5bps CET1)
A4295: 60277 | B4295: Target | C4295: I1605 | D4295: -1 | E4295: Fees_and_costs_projections | F4295: Other_income_details | G4295: Constantordynamiccurrency;Otherincomeitemlevel1;Scenario;Projectionperiod | H4295: Dynamic currency;Fee and commission income;Stress;Year 2 | I4295: Income | J4295: Other_income_details vs Profit_or_loss Yr 0-5 | K4295: Other (5bps CET1)
... A8239: 76630 | B8239: Source | C8239: I40607 | D8239: 1 | E8239: Credit_risk_projections | F8239: Risk_measures_by_portfolio | G8239: Creditrisktype;Scenario;Projectionperiod | H8239: Retail excl mortgage credit risk;Stress;Year 0 | I8239: Drawnbalance | J8239: Risk_measures_by_portfolio Yr 0 vs Retail Excluding Mortgage RWA | K8239: Other (5bps CET1 or 1%)
A8240: 76630 | B8240: Target | C8240: I3298 | D8240: -1 | E8240: Retail_excluding_mortgage_credit_risk_actuals | F8240: RWA | I8240: Drawnbalance | J8240: Risk_measures_by_portfolio Yr 0 vs Retail Excluding Mortgage RWA | K8240: Other (5bps CET1 or 1%)
A8241: 76635 | B8241: Source | C8241: I44622 | D8241: 1 | E8241: Structured_finance_projections | F8241: Structured_finance | G8241: Structuredfinanceassetclass;Scenario;Projectionperiod | H8241: Securitisation positions;Stress;Year 0 | I8241: ExpectedLoss | J8241: Structured_finance Yr 0 vs Structured Finance actuals | K8241: Other (5bps CET1)
A8242: 76635 | B8242: Target | C8242: I40615 | D8242: -1 | E8242: Structured_finance_actuals | F8242: Securitisation_positions | I8242: ExpectedLoss | J8242: Structured_finance Yr 0 vs Structured Finance actuals | K8242: Other (5bps CET1)
A8243: 76636 | B8243: Source | C8243: I44623 | D8243: 1 | E8243: Structured_finance_projections | F8243: Structured_finance | G8243: Structuredfinanceassetclass;Scenario;Projectionperiod | H8243: Covered bonds;Stress;Year 0 | I8243: ExpectedLoss | J8243: Structured_finance Yr 0 vs Structured Finance actuals | K8243: Other (5bps CET1)
A8244: 76636 | B8244: Target | C8244: I40617 | D8244: -1 | E8244: Structured_finance_actuals | F8244: Covered_bonds | I8244: ExpectedLoss | J8244: Structured_finance Yr 0 vs Structured Finance actuals | K8244: Other (5bps CET1)
A8245: 76642 | B8245: Source | C8245: I44624 | D8245: 1 | E8245: Credit_risk_projections | F8245: Risk_measures_by_portfolio | G8245: Creditrisktype;Scenario;Projectionperiod | H8245: Retail mortgage credit risk;Stress;Year 0 | I8245: Expectedlossregulatory | J8245: Risk_measures_by_portfolio Yr 0 vs Retail Mortgage RWA | K8245: Other (5bps CET1)
A8246: 76642 | B8246: Target | C8246: I40637 | D8246: -1 | E8246: Retail_mortgage_credit_risk_actuals | F8246: RWA | I8246: Expectedlossregulatory | J8246: Risk_measures_by_portfolio Yr 0 vs Retail Mortgage RWA | K8246: Other (5bps CET1)
A8247: 76643 | B8247: Source | C8247: I44625 | D8247: 1 | E8247: Credit_risk_projections | F8247: Risk_measures_by_portfolio | G8247: Creditrisktype;Scenario;Projectionperiod | H8247: Retail excl mortgage credit risk;Stress;Year 0 | I8247: Expectedlossregulatory | J8247: Risk_measures_by_portfolio Yr 0 vs Retail Excluding Mortgage RWA | K8247: Other (5bps CET1)
A8248: 76643 | B8248: Target | C8248: I40638 | D8248: -1 | E8248: Retail_excluding_mortgage_credit_risk_actuals | F8248: RWA | I8248: Expectedlossregulatory | J8248: Risk_measures_by_portfolio Yr 0 vs Retail Excluding Mortgage RWA | K8248: Other (5bps CET1)
A8249: 76644 | B8249: Source | C8249: I44626 | D8249: 1 | E8249: Credit_risk_projections | F8249: Risk_measures_by_portfolio | G8249: Creditrisktype;Scenario;Projectionperiod | H8249: Corporate, sovereign and financial institution credit risk;Stress;Year 0 | I8249: Expectedlossregulatory | J8249: Risk_measures_by_portfolio Yr 0 vs Corporate, Sovereign and Financial Institutions Risk_measures | K8249: Other (5bps CET1)
A8250: 76644 | B8250: Target | C8250: I40639 | D8250: -1 | E8250: Corporate_sovereign_and_financial_institution_credit_risk_actuals | F8250: Risk_measures | I8250: ExpectedLoss | J8250: Risk_measures_by_portfolio Yr 0 vs Corporate, Sovereign and Financial Institutions Risk_measures | K8250: Other (5bps CET1)
A8251: 76645 | B8251: Source | C8251: I40640 | D8251: 1 | E8251: Credit_risk_projections | F8251: Risk_measures_by_portfolio | G8251: Creditrisktype;Scenario;Projectionperiod | H8251: Retail mortgage credit risk;Stress;Year 0 | I8251: ExposureforRWA | J8251: Risk_measures_by_portfolio Yr 0 vs Retail Mortgage RWA | K8251: Other (5bps CET1 or 1%)
A8252: 76645 | B8252: Target | C8252: I40641 | D8252: -1 | E8252: Retail_mortgage_credit_risk_actuals | F8252: RWA | I8252: ExposureforRWA | J8252: Risk_measures_by_portfolio Yr 0 vs Retail Mortgage RWA | K8252: Other (5bps CET1 or 1%)
A8253: 76646 | B8253: Source | C8253: I40642 | D8253: 1 | E8253: Credit_risk_projections | F8253: Risk_measures_by_portfolio | G8253: Creditrisktype;Scenario;Projectionperiod | H8253: Retail excl mortgage credit risk;Stress;Year 0 | I8253: ExposureforRWA | J8253: Risk_measures_by_portfolio Yr 0 vs Retail Excluding Mortgage RWA | K8253: Other (5bps CET1 or 1%)
A8254: 76646 | B8254: Target | C8254: I40643 | D8254: -1 | E8254: Retail_excluding_mortgage_credit_risk_actuals | F8254: RWA | I8254: ExposureforRWA | J8254: Risk_measures_by_portfolio Yr 0 vs Retail Excluding Mortgage RWA | K8254: Other (5bps CET1 or 1%)
...

Sheet STDF template map
B1: STDF template map
B3: Risk area | F3: Capital | H3: Net interest income (NII) | J3: Fees and costs | L3: Op risk / Misconduct | N3: Credit risk | P3: Credit risk | R3: Credit risk | T3: Pension | V3: Traded risk | X3: Other
N4: Structured finance | P4: Wholesale | R4: Retail
B6: Projections | D6: Capital resources | F6: Capital projections | H6: Net interest income projections | J6: Fees and costs projections | L6: Capital projections (Op risk projections are part of profit or loss) | N6: Structured finance projections | P6: Credit risk projections | R6: Credit risk projections | T6: Pensions projections | V6: Counterparty credit risk losses projections | X6: UK capital impact projections
H7: Liquidity projections | L7: Material misconduct costs projections | P7: Leveraged loans projections | V7: Net trading income excluding stressed losses projections | X7: Scenario specific projections
V8: Market risk stressed profit or loss projections
V9: Other fair valued items projections
V10: Stressed PVA projections
V11: Stressed XVA projections
D13: RWA | L13: Capital projections (Op risk projections are part of capital req's worksheet) | N13: Structured finance projections | P13: Credit risk projections | R13: Credit risk projections | V13: Counterparty credit risk RWA
V14: Market risk and CVA RWA
B16: Actuals | L16: Operational risk actuals | N16: Structured finance actuals | P16: Corporate sovereign and financial institution credit risk actuals | R16: Retail excluding mortgage credit risk actuals | T16: Pensions actuals | X16: Granular securities funding and financial exposures actuals
P17: Corporate exposures actuals | R17: Retail mortgage credit risk actuals
P18: Leveraged loans actuals
F21: Key
F22: Supplementary templates
F24: Core annual templates
F26: Core quarterly templates

Sheet Capital mapping
B1: Capital mapping
L2: Risk area template | N2: Risk area worksheet
B3: Capital resources | D3: Reinvested earnings | F3: Profit or loss | H3: Interest income | J3: Banking book interest | L3: NII projections | N3: NII projections
J4: Other group interest income
H6: (Interest expense) | J6: Banking book interest | L6: NII projections | N6: NII projections
J7: Other group interest expense
H9: Fee and commission income | L9: Fees_and_costs_projections | N9: Other_income_details
H11: (Fee and commission expenses) | L11: Fees_and_costs_projections | N11: Other_expense_details
H13: Net traded income (excluding traded risk losses) | L13: Net_trading_income_excluding_losses_projections | N13: NTI_excluding_losses
H15: Traded risk losses | J15: Trading book excluding Structured finance | L15: Market_risk_stressed_profit_or_loss_projections | N15: Totals
J16: Counterparty credit risk losses | L16: Counterparty_credit_risk_losses_projections | N16: Aggregate_data
J17: Banking book holding gains and losses | L17: Other_fair_valued_items_projections | N17: OFVI_projections
J18: Securitisation positions | L18: Structured_finance_projections | N18: Structured_finance
J19: Covered bonds | L19: Structured_finance_projections | N19: Structured_finance
J20: Hedge accounting
J21: XVA | L21: Stressed_XVA_projections | N21: Impact_on_income
J22: Other holding gains and losses
H24: Other operating income | L24: Fees_and_costs_projections | N24: Other_income_details
H26: Operational expenses | J26: Other administrative expenses | L26: Fees_and_costs_projections | N26: Other_expense_details
J27: Other staff expenses | L27: Fees_and_costs_projections | N27: Other_expense_details
J28: Current year upfront cash awards | L28: Fees_and_costs_projections | N28: Other_expense_details
J29: Current year upfront share awards | L29: Fees_and_costs_projections | N29: Other_expense_details
J30: Previous years deferred cash awards | L30: Fees_and_costs_projections | N30: Other_expense_details
J31: Previous years deferred share awards | L31: Fees_and_costs_projections | N31: Other_expense_details
J32: Pension contributions to defined benefit schemes | L32: Pensions_projections | N32: CET1_drivers
J33: Pension contributions to defined contribution schemes | L33: Fees_and_costs_projections | N33: Other_expense_details
J34: Depreciation | L34: Fees_and_costs_projections | N34: Other_expense_details
J35: Goodwill | L35: Fees_and_costs_projections | N35: Other_expense_details
J36: Other operating expenses | L36: Fees_and_costs_projections | N36: Other_expense_details
H38: Exceptional items | J38: Operational risk losses
J39: Misconduct risk losses | L39: Material_misconduct_costs_projections | N39: Misconduct_projections
J40: Other exceptional items
H42: Impairments | J42: Corporate, Sovereign and Financial institution credit risk | L42: Credit_risk_projections | N42: Risk_measures_by_portfolio
J43: Retail mortgage credit risk | L43: Credit_risk_projections | N43: Risk_measures_by_portfolio
J44: Retail excluding mortgage credit risk | L44: Credit_risk_projections | N44: Risk_measures_by_portfolio
J45: Structured finance | L45: Structured_finance_projections | N45: Structured_finance
J46: Other impairments on bad and doubtful debts
H48: Other profit or loss items not captured above
H50: Tax | J50: Tax expense
J51: Bank corporation tax surcharge
D53: Other capital resources | F53: Other comprehensive income | H53: Actuarial gains or (-) losses on defined benefit pension plans | L53: Pensions_projections | N53: CET1_drivers
H55: Non-current assets and disposal groups held for sale
H57: Share of other recognised income and expense of Investments in subsidaries, joint ventures and associates
H59: Fair value changes of equity instruments measured at fair value through other comprehensive income | L59: Other_fair_valued_items_projections | N59: OFVI_projections
H61: Gains or (-) losses from hedge accounting of equity instruments at fair value through other comprehensive income, net
H63: Fair value changes of financial liabilities at fair value through profit or loss attributable to changes in their credit risk
H65: Income tax relating to items that will not be reclassified
H67: Hedge of net investments in foreign operations [effective portion]
H69: Foreign currency translation
H71: Cash flow hedges [effective portion]
H73: Hedging instruments [not designated elements]
H75: XVA Impact on other comprehensive income | L75: Stressed_XVA_projections | N75: Impact_on_income
H77: Financial assets at fair value through other comprehensive income | J77: Securitisation positions | L77: Structured_finance_projections | N77: Structured_finance
J78: Covered bonds | L78: Structured_finance_projections | N78: Structured_finance
J79: Equity securities | L79: Other_fair_valued_items_projections | N79: OFVI_projections
J80: Other debt securities | L80: Other_fair_valued_items_projections | N80: OFVI_projections
J81: Loans and advances | L81: Other_fair_valued_items_projections | N81: OFVI_projections
H83: Income tax relating to items that will not be reclassified’
F85: ELP | H85: Corporate, sovereign and financial institution credit risk | J85: Defaulted EL | L85: Credit_risk_projections | N85: Risk_measures_by_portfolio
J86: Defaulted P | L86: Credit_risk_projections | N86: Risk_measures_by_portfolio
J87: Non defaulted EL | L87: Credit_risk_projections | N87: Risk_measures_by_portfolio
J88: Non defaulted P | L88: Credit_risk_projections | N88: Risk_measures_by_portfolio
H90: Retail mortgage credit risk | J90: Defaulted EL | L90: Credit_risk_projections | N90: Risk_measures_by_portfolio
J91: Defaulted P | L91: Credit_risk_projections | N91: Risk_measures_by_portfolio
J92: Non defaulted EL | L92: Credit_risk_projections | N92: Risk_measures_by_portfolio
J93: Non defaulted P | L93: Credit_risk_projections | N93: Risk_measures_by_portfolio
H95: Retail excl mortgage credit risk | J95: Defaulted EL | L95: Credit_risk_projections | N95: Risk_measures_by_portfolio
J96: Defaulted P | L96: Credit_risk_projections | N96: Risk_measures_by_portfolio
J97: Non defaulted EL | L97: Credit_risk_projections | N97: Risk_measures_by_portfolio
J98: Non defaulted P | L98: Credit_risk_projections | N98: Risk_measures_by_portfolio
B100: Capital requirements | D100: Market risk | L100: Market_risk_and_CVA_RWA_projections | N100: Traded_risk_capital_requirement
D102: Counterparty CVA | L102: Counterparty_credit_risk_RWA_projections | N102: CCR_RWAs
D104: Counterparty Default | L104: Counterparty_credit_risk_RWA_projections | N104: CCR_RWAs
D106: Corporate, sovereign and financial institution credit risk | L106: Credit_risk_projections | N106: Risk_measures_by_portfolio
D108: Retail mortgage credit risk | L108: Credit_risk_projections | N108: Risk_measures_by_portfolio
D110: Retail excl mortgage credit risk | L110: Credit_risk_projections | N110: Risk_measures_by_portfolio
D112: Covered bonds | L112: Structured_finance_projections | N112: Structured_finance
D114: Securitisation positions | L114: Structured_finance_projections | N114: Structured_finance
D116: Operational risk
D118: DTA below the 10% threshold to be risk weighted
D120: Significant Investments below the 10% threshold
D122: (-) Amount exceeding the 17.65% threshold
D124: Non-significant Investments below the 10% threshold
D126: Non-trading financial assets mandatorily at fair value through profit or loss
D128: Financial assets designated at fair value through profit or loss
D130: Other capital requirements

Sheet Balance sheet mapping
D1: Balance sheet mapping
D3: Book | F3: Accounting category | G3: Aggregate credit risk and NII coverage | H3: Further granular credit risk coverage | I3: Aggregate market risk coverage | J3: Further granular market risk coverage
B5: Assets | D5: Trading book | F5: Financial assets held for trading | G5: NII (split by sector/product)
F6: Derivatives | I6: Traded risk, Counterparty credit risk, PVA, XVA Structured finance (Drawn balance, Exposure for RWA, Debt securities and Loans and advances only)
F7: Equity instruments | J7: Tradeable securities (over £50m)
F8: Debt securities | J8: Tradeable securities (over £50m) Financial sector exposures
F9: Loans and advances | J9: Financial sector exposures (excl rev repo) Secured lending (incl rev repo)
D11: Banking book held at fair value | F11: Non-trading financial assets mandatorily at fair value through profit or loss | G11: NII (split by sector/product)
F12: Equity instruments | I12: Other fair value items | J12: Tradeable securities (over £50m)
F13: Debt securities | I13: Other fair value items Structured finance | J13: Tradeable securities (over £50m) Financial sector exposures
F14: Loans and advances | I14: Other fair value items Structured finance | J14: Financial sector exposures (excl rev repo) Secured lending (incl rev repo)
F16: Financial assets designated at fair value through profit or loss | G16: NII (split by sector/product)
F17: Debt securities | I17: Other fair value items Structured finance | J17: Tradeable securities (over £50m) Financial sector exposures
F18: Loans and advances | I18: Other fair value items Structured finance | J18: Financial sector exposures (excl rev repo) Secured lending (incl rev repo)
F20: Financial assets at fair value through other comprehensive income | G20: NII (split by sector/product)
F21: Equity instruments | I21: Other fair value items | J21: Tradeable securities (over £50m)
F22: Debt securities | G22: Wholesale, Structured finance | H22: Large exposures over £10m UK CRE (Over £1m) UK Corporate exposures (Over 250k for SME, Mid and Large corporates and Other wholesale) EU and US exposures (Over 250k for Mid and Large corporates and Other wholesale) Leveraged loans | I22: Other fair value items | J22: Tradeable securities (over £50m) Financial sector exposures
F23: Loans and advances | G23: Wholesale, Retail, Structured finance | H23: Large exposures over £10m UK CRE (Over £1m) UK Corporate exposures (Over 250k for SME, Mid and Large corporates and Other wholesale) EU and US exposures (Over 250k for Mid and Large corporates and Other wholesale) Leveraged loans | I23: Other fair value items | J23: Financial sector exposures (excl rev repo) Secured lending (incl rev repo)
D25: Banking book held at amortised cost | F25: Financial assets at amortised cost | G25: NII (split by sector/product)
F26: Debt securities | G26: Wholesale, Structured finance | H26: Large exposures over £10m UK CRE (Over £1m) UK Corporate exposures (Over 250k for SME, Mid and Large corporates) EU and US exposures (Over 250k for Mid and Large corporates) Leveraged loans | J26: Tradeable securities (over £50m) Financial sector exposures
F27: Loans and advances | G27: Wholesale, Retail, Structured finance | H27: Large exposures over £10m UK CRE (Over £1m) UK Corporate exposures (Over 250k for SME, Mid and Large corporates) EU and US exposures (Over 250k for Mid and Large corporates) Leveraged loans | J27: Financial sector exposures (excl rev repo) Secured lending (incl rev repo)
B29: Liabilities | D29: Trading book | F29: Financial liabilities held for trading | G29: NII (split by sector/product)
F30: Derivatives
F31: Short positions
F32: Deposits | J32: Funding (Repo's less than 1 year from other financial corporations and non-financial corporations, Non maturity deposits, other unsecured funding)
F33: Debt securities issued | J33: Funding (CDs, Commercial paper and all other short term debt securities with less than 1 year original maturity)
F34: Other financial liabilities | J34: Other unsecured funding
D36: Banking book held at fair value | F36: Financial liabilities designated at fair value through profit or loss | G36: NII (split by sector/product)
F37: Deposits | J37: Funding (Repo's less than 1 year from other financial corporations and non-financial corporations, Non maturity deposits, other unsecured funding)
F38: Debt securities issued | J38: Funding (CDs, Commercial paper and all other short term debt securities with less than 1 year original maturity)
F39: Other financial liabilities | J39: Other unsecured funding
D41: Banking book held at amortised cost | F41: Financial liabilities measured at amortised cost | G41: NII (split by sector/product)
F42: Deposits | J42: Funding (Repo's less than 1 year from other financial corporations and non-financial corporations)
F43: Debt securities issued | J43: Funding (CDs, Commercial paper and all other short term debt securities with less than 1 year original maturity)
F44: Other financial liabilities | J44: Other unsecured funding
D46: Equity | F46: Equity
F47: Capital
F48: Notes: Whilst this mapping presents exposures against the balance sheet, all relevant off balance sheet exposures should also be reported in these templates.
